 Dungeon Crawl Stone Soup version 0.18-a0-1481-g708b138 (webtiles) character file.

10644298 M4edhros the Bringer of Law (level 27, 193/193 HPs)
             Began as a Kobold Wanderer on Feb 29, 2016.
             Was the Champion of Zin.
             Escaped with the Orb
             ... and 15 runes on Mar 2, 2016!
             The game lasted 07:31:05 (157117 turns).

M4edhros the Bringer of Law (Kobold Wanderer)     Turns: 157117, Time: 07:31:05

Health: 193/193    AC: 41    Str: 30      XL:     27
Magic:  48/48      EV: 38    Int:  8 (9)  God:    Zin [******]
Gold:   8287       SH: 13    Dex: 20      Spells: 17 memorised, 1 level left

rFire  + + .     SeeInvis .     b - +5 eveningstar "Adut" {crush, rElec Str+6 Int-2}
rCold  + + +     Gourm    .     h - +7 gold dragon armour "Fekuisea" {rPois rF+ rC+ Str+2}
rNeg   + . .     Faith    .     q - +0 buckler of Depression {Str+3 Int+2}
rPois  +         Spirit   +     R - +2 hat {Spirit}
rElec  +         Dismiss  .     w - +2 cloak {MR+}
rCorr  .         Reflect  +     S - +1 pair of gloves {Dex+3}
SustAt .         Harm     .     X - +2 pair of boots "Xegrusy" {MR+ Slay+4}
MR     ++++.                    m - +4 amulet of reflection
Stlth  ..........               i - ring "Comoir" {Fragile rPois rN+ Slay+3}
                                Z - ring of Shaolin {EV+8}

@: repel missiles, incredibly resistant to hostile enchantments, extremely
unstealthy
A: icy blue scales 1, molten scales 1, thin skeletal structure 1, blink,
carnivore 3, clumsy 1, cold resistance 2, deformed body, deterioration 1, fire
resistance 1, sense surroundings 1, regeneration 1, screaming 1, weak 2, wild
magic 1
a: Blink, Recite, Vitalisation, Imprison, Sanctuary, Donate Gold, Cure All
Mutations, Renounce Religion
0: Orb of Zot
}: 15/15 runes: serpentine, barnacled, slimy, silver, golden, iron, obsidian,
icy, bone, abyssal, demonic, glowing, magical, fiery, dark


You escaped.
You worshipped Zin.
Zin was exalted by your worship.
You were not hungry.

You visited 18 branches of the dungeon, and saw 93 of its levels.
You visited Pandemonium 3 times, and saw 19 of its levels.
You visited the Abyss 3 times.
You also visited: Labyrinth and Ossuary.

You collected 16365 gold pieces.
You spent 6768 gold pieces at shops.
You donated 1310 gold pieces to Zin.

Inventory:

Hand Weapons
 b - the +5 eveningstar "Adut" (weapon) {crush, rElec Str+6 Int-2}
   (You acquired it on level 2 of the Depths)

   It inflicts extra damage upon your enemies.
   It affects your strength (+6).
   It affects your intelligence (-2).
   It insulates you from electricity.
 W - the +12 hunting sling "Ruevomp" {venom, +Inv rC+ Str-5 SInv}
   (You found it on level 5 of the Vaults)

   It poisons the ammo it fires.
   It affects your strength (-5).
   It protects you from cold.
   It lets you see invisible.
   It lets you turn invisible.
Missiles
 x - 134 sling bullets
Armour
 h - the +7 gold dragon armour "Fekuisea" (worn) {rPois rF+ rC+ Str+2}
   (You found it on level 3 of the Elven Halls)

   It affects your strength (+2).
   It protects you from fire.
   It protects you from cold.
   It protects you from poison.
 q - the +0 buckler of Depression (worn) {Str+3 Int+2}
   (You acquired it on level 4 of the Snake Pit)

   It affects your strength (+3).
   It affects your intelligence (+2).
 w - a +2 cloak of magic resistance (worn)
 R - a +2 hat of spirit shield (worn)
 S - a +1 pair of gloves of dexterity (worn)
 X - the +2 pair of boots "Xegrusy" (worn) {MR+ Slay+4}
   (You acquired it on level 1 of the Snake Pit)

   It affects your accuracy and damage with ranged weapons and melee attacks
   (+4).
   It affects your resistance to hostile enchantments.
Jewellery
 g - the ring "Faigoppa" {+Blink +Fly rF+ EV+1 Str+5}
   (You took it off a deep elf knight on level 3 of the Elven Halls)

   [ring of evasion]

   It affects your evasion (+1).
   It affects your strength (+5).
   It protects you from fire.
   It lets you fly.
   It lets you blink.
 i - the ring "Comoir" (right hand) {Fragile rPois rN+ Slay+3}
   (You took it off a skeletal warrior on level 3 of the Crypt)

   [ring of positive energy]

   It affects your accuracy and damage with ranged weapons and melee attacks
   (+3).
   It protects you from poison.
   It protects you from negative energy.
   It will be destroyed if unequipped.
 l - the amulet "Wurhoij" {+Rage Str+3, unknown}
   (You found it in Pandemonium)

   [amulet of rage]

   It affects your strength (+3).
   It lets you go berserk.
 m - a +4 amulet of reflection (around neck)
 s - the ring "Plog" {+Fly Str+9 Dex+5}
   (You found it on level 3 of the Tomb of the Ancients)

   [ring of flight]

   It affects your strength (+9).
   It affects your dexterity (+5).
   It lets you fly.
 M - the ring "Gumushrov" {rF- rN+ Int+4 SInv}
   (You took it off a skeletal warrior on level 3 of the Crypt)

   [ring of positive energy]

   It affects your intelligence (+4).
   It makes you vulnerable to fire.
   It protects you from negative energy.
   It lets you see invisible.
 Z - the ring of Shaolin (left hand) {EV+8}
   (You took it off a frost giant on level 4 of the Depths)

   [ring of evasion]

   It affects your evasion (+8).
Wands
 r - a wand of digging (7/24)
 y - a wand of disintegration (17/24)
 B - a wand of teleportation (7/9)
 C - a wand of heal wounds (6/9)
 F - a wand of acid (10/15)
 I - a wand of teleportation (4/9)
 Y - a wand of teleportation (6/9)
Scrolls
 a - 5 scrolls of holy word
 e - 12 scrolls of fear
 f - 6 scrolls of magic mapping
 j - 10 scrolls of fog
 t - a scroll of identify
 z - a scroll of summoning
 E - 2 scrolls of blinking
 U - 3 scrolls of teleportation
Potions
 c - 4 potions of haste
 d - 3 potions of magic
 o - 3 potions of cancellation
 p - 2 potions of resistance
 A - 2 potions of agility
 D - 5 potions of flight
 G - 2 potions of curing
 J - 4 potions of invisibility
 K - 8 potions of berserk rage
 L - 4 potions of brilliance
Books
 u - a book of Enchantments

   Spells                             Type                      Level
   a - Cause Fear                     Hexes                        4
   b - Yara's Violent Unravelling     Hexes/Transmutation          5
   c - Silence                        Hexes/Air                    5
   d - Deflect Missiles               Charms/Air                   6
   e - Haste                          Charms                       6
   f - Discord                        Hexes                        8
Miscellaneous
 k - a legendary deck of summoning {the Pentagram, drawn: 2}
 H - a legendary deck of summoning {drawn: 2}
 P - a fan of gales
Comestibles
 n - 7 meat rations
 v - 8 beef jerkies


   Skills:
 + Level 25.0 Fighting
   Level 19.5 Short Blades
   Level 17.8(19.5) Axes
 - Level 15.8(19.4) Maces & Flails
 - Level 12.0 Slings
 + Level 24.9 Armour
 O Level 27 Dodging
 - Level 4.3 Stealth
 - Level 11.5 Shields
 - Level 21.0 Spellcasting
 - Level 7.6 Charms
 + Level 19.9 Summonings
 + Level 19.0 Translocations
 - Level 5.6 Ice Magic
 - Level 18.0 Air Magic
 O Level 27 Invocations


You had one spell level left.
You knew the following spells:

 Your Spells              Type           Power        Failure   Level  Hunger
a - Summon Lightning Spi  Summ/Air       ######..     1%          4    ###....
b - Dazzling Spray        Conj/Hex       ##......     96%         3    None
c - Shroud of Golubria    Chrm/Tloc      #####.....   1%          2    None
d - Repel Missiles        Chrm/Air       #####.       1%          2    None
e - Mephitic Cloud        Conj/Pois/Air  ####....     19%         3    None
f - Summon Forest         Summ/Tloc      ######....   2%          5    #####..
g - Swiftness             Chrm/Air       #####...     1%          2    None
h - Ozocubu's Refrigerat  Ice            ####......   100%        6    ######.
i - Fulminant Prism       Conj/Hex       ##........   100%        4    ###....
j - Gell's Gravitas       Hex/Tloc       #####.....   5%          3    None
k - Passage of Golubria   Tloc           N/A          1%          4    ###....
l - Dragon's Call         Summ           ######....   100%        9    #######
m - Controlled Blink      Tloc           N/A          94%         8    #######
n - Airstrike             Air            ######....   1%          4    ###....
o - Force Lance           Conj/Tloc      #####...     19%         4    ###....
p - Apportation           Tloc           ######....   1%          1    None
q - Portal Projectile     Tloc           ######       1%          3    None


Dungeon Overview and Level Annotations

Branches:
Dungeon (15/15)            Temple (1/1) D:7            Lair (8/8) D:11
 Shoals (4/4) Lair:6        Snake (4/4) Lair:4        Slime (6/6) Lair:6
    Orc (2/2) D:10            Elf (3/3) Orc:2        Vaults (5/5) D:13
  Crypt (3/3) Vaults:3       Tomb (3/3) Crypt:3      Depths (5/5) D:15
   Hell (1/1)                 Dis (7/7) Hell            Geh (7/7) Hell
    Coc (7/7) Hell            Tar (7/7) Hell            Zot (5/5) Depths:5

Altars:
Ashenzari
Cheibriados
Dithmenos
Elyvilon
Fedhas
Gozag
Kikubaaqudgha
Makhleb
Nemelex Xobeh
Okawaru
Pakellas
Qazlal
Ru
Sif Muna
Trog
Vehumet
Xom
Yredelemnul
Zin
The Shining One
Beogh
Jiyva

Shops:
D:7 [   Orc:1 [(%%[*   Orc:2 **[!   Elf:1 *   Elf:2 [   Shoals:4 ::
Snake:1 %%   Snake:3 *

Portals:
Hell: Depths:1 Depths:2 Depths:3 Depths:4 Depths:5
Abyss: Depths:3 Depths:4 Depths:5
Pandemonium: Depths:2 Depths:3
Ziggurat: Depths:2

Annotations:
Lair:3 exclusion: oklob plant
Slime:1 exclusion: downstairs
Dis:7 Dispater
Geh:7 Asmodeus


Innate Abilities, Weirdness & Mutations

You are small and have problems with some larger weapons.
You are carnivorous and can eat meat at any time.
You are partially covered in icy blue scales (AC +1).
You are partially covered in molten scales (AC +1).
You have a somewhat thin skeletal structure (Dex +2, Stealth).
You can translocate small distances at will.
You are clumsy. (Dex -2)
Your flesh is very cold resistant.
Armour fits poorly on your strangely shaped body.
Your body sometimes deteriorates upon taking damage.
Your flesh is heat resistant.
You passively map a small area around you.
Your natural rate of healing is unusually fast.
You occasionally shout uncontrollably at your foes.
You are very weak. (Str -4)
Your spells are a little harder to cast, but a little more powerful.


Message History

(P) Snake Pit (M) Slime Pits (O) Orcish Mines (E) Elven Halls (V) Vaults (C) Crypt (W) Tomb (U) Depths (H) Hell (I) Dis (G) Gehenna (X) Cocytus (Y) Tartarus (Z) Zot
Where to? (Enter - D:1 @ (x,y), ? - help)
A kobold comes into view.
The kobold shouts!
The kobold completely misses you.
You closely miss the kobold. You hit the kobold.
The kobold is severely wounded.
You block the kobold's attack.
You puncture the kobold!
You kill the kobold!
There is a staircase leading out of the dungeon here.
You see here a +0 dagger.
There is a staircase leading out of the dungeon here.
You see here a +0 dagger.
You can't go down here!
You have escaped!

#.###.......#########.......###.#
..##.....####.......####.....##..
###....###.............###....##.
##....##.....#######.....##....#§
##.........###.....###....##...##
#....#######.........##....#....#
#...##........#####...##...##...#
#...#....#...##...##...#....#...#
#...#....#...#..@..#...######..(#
#...#....#...##...##...#........#
#...##...##...##.##...##...######
#.^..#....##...#.....##....#.....
##...##....###.#...###....##.....
##....##.....#######.....##......
##....###.............###....###
####.....####.......####.....## #
..†##.......#####.###.......## #


There were no monsters in sight!

Vanquished Creatures
  Cerebov (Pan)
  Antaeus (Coc:7)
  Ereshkigal (Tar:7)
  Ignacio (Pan)
  Lom Lobon (Pan)
  Mnoleg (Pan)
  Khufu (Tomb:3)
  The ghost of 4thArraOfDagon the Brawler, a legendary TrFi of the Shining One (Pan)
  5 ancient liches
  Mara (Elf:3)
  11 pandemonium lords (Pan)
  9 orbs of fire
  A juggernaut (Depths:2)
  Mennas (Pan)
  Sojobo (Crypt:1)
  32 greater mummies
  7 shard shrikes
  4 iron giants
  Saint Roka (Orc:2)
  2 Killer Klowns (Zot:5)
  Margery (Depths:3)
  Geryon (Hell)
  13 golden dragons
  2 profane servitors (Crypt:3)
  15 Brimstone Fiends
  7 doom hounds
  14 bone dragons
  Jorgrun (Elf:2)
  A hellephant (Abyss:1)
  11 Hell Sentinels
  17 tentacled monstrosities
  5 electric golems
  19 Ice Fiends
  Rupert (Lair:4)
  7 titans
  3 deep elf blademasters
  4 quicksilver dragons
  27 Orb Guardians
  24 Shadow Fiends
  22 Executioners
  11 death cobs
  A deep elf master archer (Elf:3)
  23 tentacled starspawn
  22 acid blobs
  3 krakens
  28 liches
  3 ancient champions
  Agnes (Elf:2)
  13 sphinxes
  19 storm dragons
  10 shadow dragons
  Ilsuiw (Shoals:4)
  5 draconian monks
  13 tengu reavers
  9 greater nagas
  4 revenants
  A shadow dragon (shapeshifter) (Vaults:5)
  A daeva (Abyss:3)
  15 azure jellies
  Louise (D:14)
  14 vault wardens
  18 fire giants
  7 ghost moths
  6 iron dragons
  5 curse skulls
  4 draconian knights
  14 frost giants
  44 balrugs
  An orc warlord (Vaults:2)
  8 draconian zealots
  5 draconian scorchers
  4 deep elf sorcerers
  2 angels (Pan)
  A warmonger (Pan)
  19 ghouls
  5 draconian shifters
  A juggernaut zombie (Hell)
  30 cacodemons
  53 reapers
  6 draconian annihilators
  14 ironheart preservers
  22 war gargoyles
  7 deep elf elementalists
  43 stone giants
  7 corrupters (Pan)
  27 very ugly things
  2 elemental wellsprings (Coc:7)
  An apis (Depths:3)
  5 deep elf demonologists
  2 draconian callers
  17 green draconians
  4 vampire knights
  6 bennus
  10 deep elf annihilators
  12 black draconians
  5 chaos champions (Pan)
  12 blood saints (Pan)
  12 salamander stormcallers
  8 yellow draconians
  7 lorocyprocas
  10 red draconians
  12 white draconians
  9 mottled draconians
  Azrael (D:15)
  12 purple draconians
  20 spark wasps
  3 black suns (Pan)
  20 green deaths
  23 blizzard demons
  29 ettins
  A crystal guardian (Abyss:3)
  23 mummy priests
  16 eidola
  A minotaur (Lab)
  13 deep elf death magi
  2 spectral golden dragons
  10 merfolk javelineers
  2 spectral krakens (Tar:7)
  27 vault guards
  Josephine (D:10)
  23 death oozes
  4 quicksilver dragon zombies
  24 fire dragons
  19 yaktaur captains
  A fire dragon (shapeshifter) (Depths:4)
  14 jiangshi
  21 great orbs of eyes
  12 merfolk impalers
  12 rakshasas
  2 deep elf high priests (Elf:3)
  A hydra (shapeshifter) (Vaults:5)
  13 entropy weavers
  4 quicksilver dragon skeletons
  3 hell beasts
  3 kraken zombies
  10 hydras
  37 ice dragons
  7 spriggan air magi
  15 naga warriors
  A catoblepas (D:14)
  9 centaur warriors
  7 monstrous demonspawn (Pan)
  2 satyrs
  An alligator snapping turtle (Shoals:3)
  4 merfolk avatars
  7 death knights
  7 merfolk aquamancers (Shoals:4)
  34 dancing weapons
  12 ogre magi
  An anaconda (shapeshifter) (Depths:3)
  23 anacondas
  10 vampire magi
  12 deep troll shamans
  9 tengu warriors
  7 titan zombies
  4 deep troll earth magi
  11 shock serpents
  5 naga sharpshooters
  Urug (Lair:4)
  5 spriggans (Depths:5)
  6 iron golems
  A hellephant zombie (Crypt:1)
  15 thrashing horrors
  7 spriggan berserkers
  8 death yaks
  6 storm dragon zombies
  The ghost of Amnesiac the Martial Artist, a novice OpTm of Qazlal (D:8)
  A shock serpent (shapeshifter) (Depths:4)
  76 sun demons
  Sonja (D:10)
  28 hell hogs
  4 orc high priests (Orc:2)
  12 wretched stars
  72 large abominations
  55 soul eaters
  24 deep elf knights
  6 titan skeletons
  A fire crab (Vaults:1)
  A fire crab (shapeshifter) (Vaults:3)
  7 spatial maelstroms
  121 skeletal warriors
  4 golden dragon zombies
  11 iron trolls
  23 deep trolls
  10 salamander mystics
  5 ghost moth zombies
  8 shadow wraiths
  9 unseen horrors
  11 giant orange brains
  20 flayed ghosts
  19 death scarabs
  A sea snake (shapeshifter) (Elf:2)
  13 anaconda zombies
  5 storm dragon skeletons
  12 sea snakes
  A kraken simulacrum (Hell)
  37 hell knights
  10 infernal demonspawn (Pan)
  8 gelid demonspawn (Pan)
  9 putrid demonspawn (Pan)
  38 shadow demons
  A swamp dragon (Lair:5)
  4 lindwurms (Snake:4)
  63 starcursed masses
  10 naga ritualists
  2 anubis guards (shapeshifter)
  22 necromancers
  A harpy (shapeshifter) (Vaults:2)
  6 torturous demonspawn
  9 hill giants
  14 griffons
  15 wizards
  15 ironbrand convokers
  14 deep elf archers
  3 golden dragon skeletons
  36 phantasmal warriors
  41 anubis guards
  30 harpies
  A hornet (shapeshifter) (D:14)
  3 anaconda skeletons
  5 shadow dragon zombies
  10 mana vipers
  60 deep elf magi
  11 orc knights
  7 wolf spider zombies
  7 fire giant zombies
  A hornet (Vaults:1)
  56 ugly things
  2 iron dragon zombies
  2 orb spiders
  5 orc sorcerers
  A spectral ettin (Crypt:1)
  6 cyclopes
  16 salamanders
  4 shadow dragon skeletons
  6 frost giant zombies
  6 wolf spiders
  20 manticores
  6 shining eyes
  A salamander (shapeshifter) (Depths:1)
  A water nymph (shapeshifter) (Depths:4)
  5 stone giant zombies
  An oklob plant (Tar:5)
  6 iron dragon skeletons
  A manticore (shapeshifter) (D:15)
  12 elephants
  A faun (shapeshifter) (Elf:1)
  5 worldbinders
  27 sixfirhies
  A water nymph (Abyss:4)
  53 black mambas
  2 toenail golems
  A human skeleton (Vaults:4)
  16 vault sentinels
  3 shock serpent zombies
  2 ice statues (Hell)
  Maurice (D:10)
  An octopode (shapeshifter) (Depths:2)
  8 dire elephant zombies
  8 sirens
  4 eyes of devastation
  33 moths of wrath
  An apocalypse crab (Abyss:3)
  7 guardian serpents
  6 centaur zombies
  22 naga magi
  3 titan simulacra (Coc:7)
  5 fire giant skeletons
  9 molten gargoyles
  10 spectral swamp worms
  5 gargoyles
  37 rust devils
  3 torpor snails
  55 smoke demons
  3 stone giant skeletons
  An emperor scorpion zombie (Tar:6)
  9 frost giant skeletons
  A spiny frog (shapeshifter) (Elf:3)
  A spriggan zombie (Hell)
  7 centaur skeletons
  6 dire elephant skeletons
  2 yaktaur zombies (Hell)
  A swamp worm zombie (Crypt:2)
  38 hellions
  41 orange demons
  A rime drake (shapeshifter) (Abyss:3)
  2 green draconian zombies
  17 demonic crawlers
  35 yaktaurs
  3 anaconda simulacra
  16 efreet
  8 rime drakes
  24 spiny frogs
  A catoblepas zombie (Geh:1)
  A kobold demonologist (Vaults:2)
  23 hellwings
  26 ice devils
  2 yaktaurs (shapeshifter) (Abyss:4)
  29 freezing wraiths
  8 komodo dragons
  A sea snake skeleton (Crypt:2)
  34 guardian mummies
  2 catoblepas skeletons
  2 golden dragon simulacra
  A mottled draconian skeleton (Tar:1)
  55 tormentors
  6 tengu conjurers
  13 ancient zymes
  13 hydra zombies
  A queen bee (Lair:8)
  66 red devils
  A polar bear (shapeshifter) (Vaults:2)
  A harpy zombie (Geh:6)
  An entropy weaver zombie (Depths:1)
  9 trolls
  2 wind drakes (shapeshifter)
  4 jumping spiders
  37 merfolk
  3 giant leeches (Lair:8)
  A spriggan skeleton (Depths:1)
  23 two-headed ogres
  9 hydra skeletons
  2 wind drakes (Shoals:2)
  5 boulder beetles
  12 blink frogs
  A wolf spider simulacrum (D:15)
  A giant leech (shapeshifter) (Vaults:5)
  14 ushabtiu
  54 raiju
  A two-headed ogre (shapeshifter) (Depths:2)
  A blink frog (shapeshifter) (Abyss:4)
  An iron dragon simulacrum (Tomb:3)
  5 ettin zombies
  7 alligator zombies
  2 bog bodies (Crypt:1)
  4 fire dragon zombies
  3 ice dragon zombies
  109 slime creatures
  2 snapping turtles (shapeshifter)
  A slime creature (shapeshifter) (Depths:4)
  10 snapping turtles
  3 human simulacra
  7 air elementals
  An elf skeleton (Depths:1)
  A spriggan (shapeshifter) (Depths:3)
  4 black mamba zombies
  50 flying skulls
  10 ice dragon skeletons
  3 vampires
  16 water elementals
  6 ettin skeletons
  2 black mamba skeletons
  20 redbacks
  6 fire dragon skeletons
  22 shadows
  A dire elephant simulacrum (Crypt:2)
  2 alligator skeletons
  A basilisk (shapeshifter) (Vaults:2)
  8 wyverns
  A wyvern (shapeshifter) (D:15)
  16 golden eyes
  40 fire elementals
  A human (shapeshifter) (Vaults:5)
  35 wraiths
  58 yaks
  3 tarantellas
  A tarantella (shapeshifter) (Abyss:4)
  49 ynoxinuls
  2 yaks (shapeshifter)
  Sigmund (D:2)
  A hog (shapeshifter) (Depths:4)
  3 fire bats
  10 basilisks
  A hippogriff (shapeshifter) (Vaults:4)
  41 neqoxecs
  18 hippogriffs
  42 chaos spawn
  3 hungry ghosts
  A human (D:7)
  A wolf (shapeshifter) (Depths:3)
  A yaktaur simulacrum (Vaults:3)
  24 vampire mosquitoes
  30 nagas
  10 wolves
  8 wargs
  A merfolk zombie (Coc:5)
  16 spatial vortices
  11 spiny frog zombies
  66 hell hounds
  A merfolk skeleton (Crypt:1)
  9 hydra simulacra
  A gelid demonspawn skeleton (Crypt:2)
  18 water moccasins
  2 deep troll skeletons
  10 porcupines
  An ice beast (shapeshifter) (Abyss:4)
  50 orc warriors
  7 ice beasts
  7 wasps
  A sky beast (D:7)
  18 eyes of draining
  4 spiny frog skeletons
  6 snapping turtle zombies
  10 phantoms
  17 centaurs
  36 necrophages
  2 swamp dragon zombies
  50 ogres
  12 boggarts
  A hog zombie (Crypt:1)
  A blink frog skeleton (Crypt:1)
  A crocodile (shapeshifter) (Depths:3)
  17 crocodiles
  6 snapping turtle skeletons
  A swamp dragon skeleton (Tomb:3)
  A rime drake skeleton (Crypt:1)
  A big kobold (shapeshifter) (Elf:1)
  3 big kobolds
  3 elf zombies
  29 giant frogs
  An octopode zombie (Crypt:2)
  5 earth elementals
  A spiny frog simulacrum (Tar:5)
  41 small abominations
  14 wyvern skeletons
  6 scorpions
  26 killer bees
  52 wights
  3 howler monkeys
  A troll skeleton (Crypt:2)
  4 electric eels
  16 jellies
  12 crimson imps
  5 quasits
  A jelly (shapeshifter) (D:7)
  42 orc priests
  A hound (shapeshifter) (Vaults:5)
  9 hounds
  2 giant frog skeletons
  4 human zombies
  2 giant frog zombies
  40 orc wizards
  13 iron imps
  Jessica (D:2)
  A black bear skeleton (Crypt:2)
  Ijyb (D:3)
  5 iguanas
  7 worker ants
  5 hell rats (Hell)
  22 sheep
  A sheep (shapeshifter) (Vaults:5)
  3 tengu zombies
  A big kobold zombie (Ossuary)
  A naga skeleton (Coc:7)
  A tengu skeleton (Abyss:1)
  A hound skeleton (D:7)
  3 hound zombies (Ossuary)
  42 mummies
  A worker ant zombie (D:10)
  4 gnolls (D:8)
  43 river rats
  12 adders
  8 shadow imps
  14 white imps
  3 giant eyeballs
  4 ufetubi
  2 oozes
  An adder zombie (D:7)
  2 adder skeletons
  3 worms
  4 dart slugs
  6 giant geckos
  135 orcs
  A bat zombie (Crypt:1)
  16 giant cockroaches
  13 hobgoblins
  15 jackals
  6 quokkas
  5 ball pythons
  12 bats
  9 giant newts
  A giant newt skeleton (Crypt:2)
  3 gnoll zombies
  14 goblins
  A goblin zombie (Ossuary)
  A hobgoblin zombie (Ossuary)
  A jackal skeleton (D:4)
  26 kobolds
  A kobold skeleton (Coc:7)
  A kobold zombie (Ossuary)
  2 orc zombies
  8 rats
  A crawling corpse (Depths:1)
  An eldritch tentacle segment (Dis:6)
  A fire vortex (Vaults:3)
  8 fungi
  4 lost souls
  A lurking horror (Abyss:2)
  28 pillars of salt
  7 plants
  23 starspawn tentacles
  21 tentacles
  5 tentacle segments
  5 withered plants (Crypt:3)
5837 creatures vanquished.

Vanquished Creatures (collateral kills)
  the Royal Jelly (Slime:6)
  Dissolution (Slime:2)
  2 iron giants
  2 acid blobs (Slime:6)
  An azure jelly (Slime:6)
  2 reapers
  A war gargoyle (Dis:7)
  A green death (Pan)
  A red draconian (Zot:5)
  Erolcha (D:8)
  A mummy priest (Tomb:3)
  A hydra (Lair:8)
  A death scarab (Tomb:3)
  A deep troll (Depths:5)
  8 anubis guards (Tomb:3)
  A spectral swamp worm (Depths:5)
  An eye of devastation (Slime:5)
  3 guardian mummies (Tomb:3)
  An ice devil (Dis:7)
  A komodo dragon (Lair:8)
  7 slime creatures
  5 ushabtiu (Tomb:3)
  A wyvern (D:8)
  2 golden eyes (Slime:5)
  A neqoxec (Pan)
  An eye of draining (Slime:2)
  5 mummies (Tomb:3)
  3 ball lightnings (Pan)
  18 pillars of salt
  2 plants (Lair:8)
77 creatures vanquished.

Vanquished Creatures (others)
  A deep elf master archer (Elf:3)
  2 eldritch tentacles
  An Executioner (Pan)
  An ancient champion (Tomb:2)
  A tengu reaver (Depths:4)
  A storm dragon (Zot:5)
  A draconian knight (Zot:5)
  A deep elf elementalist (Vaults:5)
  A corrupter (Pan)
  A curse skull (Pan)
  A black sun (Pan)
  A stone giant (Depths:3)
  A reaper (Pan)
  2 mottled draconians
  An elemental wellspring (Coc:7)
  A lorocyproca (Abyss:1)
  2 blizzard demons
  2 merfolk javelineers (Shoals:4)
  A deep elf high priest (Elf:1)
  A merfolk impaler (Shoals:4)
  A centaur warrior (D:14)
  An anaconda (Tomb:2)
  3 shadow wraiths (Pan)
  4 death scarabs (Tomb:2)
  A wizard (Pan)
  3 deep elf archers
  A putrid demonspawn (Pan)
  An anubis guard (Tomb:2)
  A shining eye (Pan)
  An ugly thing (Depths:4)
  A salamander (Vaults:3)
  5 sixfirhies (Pan)
  6 orange demons (Pan)
  2 yaktaurs
  A hellwing (Abyss:2)
  A troll (D:11)
  4 flying skulls (Tomb:2)
  A redback (Depths:5)
  An alligator skeleton (Coc:7)
  A ynoxinul (Pan)
  A fire elemental (Geh:2)
  4 golden eyes (Abyss:4)
  3 chaos spawn (Pan)
  A wolf (D:11)
  A warg (Orc:2)
  2 large abominations (Pan)
  An orc warrior (Orc:2)
  An eye of draining (Abyss:3)
  An ogre (Vaults:5)
  A centaur (D:13)
  A crimson imp (D:11)
  2 hounds (D:11)
  An iron imp (Dis:7)
  A worker ant (D:11)
  A giant eyeball (Elf:3)
  An ufetubus (Abyss:3)
  3 ball lightnings (Pan)
  A kobold skeleton (Geh:7)
  2 blocks of ice (Pan)
  A bush (Lair:8)
  59 eldritch tentacle segments
  A fire vortex (D:2)
  17 fungi
  9 lost souls
  3 lurking horrors
  327 pillars of salt
  16 plants
  3 snaplasher vines
  108 snaplasher vine segments
  48 starspawn tentacles
  658 starspawn tentacle segments
  46 tentacles
  1684 tentacle segments
  7 withered plants
3080 creatures vanquished.

Grand Total: 8994 creatures vanquished

Notes
Turn   | Place    | Note
--------------------------------------------------------------
     0 | D:1      | M4edhros the Kobold Wanderer began the quest for the Orb.
     0 | D:1      | M4edhros set off with: a +2 short sword, a scroll of teleportation, a potion of curing, a +0 robe, a +0 dagger, a meat ration
     0 | D:1      | Reached XP level 1. HP: 16/16 MP: 1/1
   244 | D:1      | Reached XP level 2. HP: 18/20 MP: 2/2
   473 | D:1      | Reached XP level 3. HP: 24/24 MP: 3/3
  1026 | D:3      | Gained mutation: You tend to lose your temper in combat. [potion of mutation]
  1026 | D:3      | Gained mutation: You are weak. (Str -2) [potion of mutation]
  1026 | D:3      | Gained mutation: Your flesh is cold resistant. [potion of mutation]
  1307 | D:5      | Entered Level 5 of the Dungeon
  1341 | D:4      | Found a blossoming altar of Fedhas.
  1343 | D:4      | Noticed a scorpion
  1651 | D:3      | Reached XP level 4. HP: 17/30 MP: 4/4
  1942 | D:4      | Reached skill level 5 in Fighting
  1942 | D:4      | Reached XP level 5. HP: 30/35 MP: 5/5
  1990 | D:4      | Reached skill level 1 in Slings
  1990 | D:4      | Reached skill level 1 in Armour
  2031 | D:4      | Found an iron altar of Okawaru.
  2032 | D:4      | Found a bloodstained altar of Trog.
  2321 | D:4      | Reached XP level 6. HP: 37/40 MP: 6/6
  2863 | D:5      | Noticed an ogre
  2864 | D:5      | Gained mutation: You evolve. [potion of beneficial mutation]
  2865 | D:5      | Gained mutation: You rapidly evolve. [potion of beneficial mutation]
  3169 | D:5      | Reached skill level 5 in Short Blades
  3524 | D:5      | Reached XP level 7. HP: 26/44 MP: 7/7
  3884 | D:5      | Found a shadowy altar of Dithmenos.
  3884 | D:5      | Found a shattered altar of Ashenzari.
  3885 | D:5      | Found a glowing silver altar of Zin.
  3945 | D:5      | Got a ruby-encrusted ring mail
  3946 | D:5      | Identified the +4 ring mail of the Dropbear {rElec Str+4 Int+5} (You found it on level 5 of the Dungeon)
  3978 | D:5      | Gained mutation: You are resistant to hostile enchantments. [evolution]
  4325 | D:6      | Reached XP level 8. HP: 36/49 MP: 8/8
  4717 | D:6      | Found a blossoming altar of Fedhas.
  4771 | D:6      | Found a sand-covered staircase.
  4776 | Ossuary  | Entered an ossuary
  4869 | Ossuary  | Reached skill level 5 in Slings
  5345 | D:7      | Found a staircase to the Ecumenical Temple.
  5435 | Temple   | Entered the Ecumenical Temple
  5450 | Temple   | Became a worshipper of Xom of Chaos
  5512 | D:4      | XOM: silly message
  5525 | D:2      | Noticed Jessica
  5527 | D:2      | Killed Jessica
  5698 | D:2      | XOM: divination: detect items
  5761 | D:2      | XOM: colour smoke trail
  6161 | D:1      | XOM: harmless Air miscast
  6207 | D:1      | XOM: mild Necr miscast
  6512 | D:1      | XOM: give mutation
  6512 | D:1      | Lost mutation: You tend to lose your temper in combat. [Xom's mischief]
  6577 | D:1      | XOM: summons 4 hostile shadow creatures
  6710 | D:1      | XOM: medium Hex miscast
  6755 | D:1      | XOM: silly message
  6923 | D:1      | XOM: harmless Air miscast
  7029 | D:1      | XOM: medium Ice miscast
  7079 | D:1      | Lost mutation: You rapidly evolve. [evolution]
  7298 | D:1      | XOM: mild Chrm miscast
  7313 | D:1      | XOM: scenery: create altars
  7322 | D:1      | XOM: harmless Trmt miscast
  7547 | D:1      | XOM: harmless Trmt miscast
  7823 | D:1      | XOM is BORED!
  7823 | D:1      | XOM: noise
  8693 | D:1      | Noticed a tengu conjurer
  8713 | D:2      | XOM is BORED!
  8713 | D:2      | XOM: noise
  9119 | D:2      | XOM: silly message
 10175 | D:2      | XOM: scenery: 3 doors open, 4 doors close
 10234 | D:2      | Noticed Sigmund
 10251 | D:2      | Killed Sigmund
 10251 | D:2      | Reached XP level 9. HP: 48/54 MP: 9/9
 10276 | D:2      | Found an iron altar of Okawaru.
 10285 | D:2      | Reached skill level 5 in Dodging
 10409 | D:2      | Found a basalt altar of Yredelemnul.
 10449 | D:2      | XOM: mild Fire miscast
 10599 | D:2      | Found a white marble altar of Elyvilon.
 10600 | D:2      | Found a sparkling altar of Nemelex Xobeh.
 10606 | D:2      | Found a radiant altar of Vehumet.
 10606 | D:2      | Found a sacrificial altar of Ru.
 10608 | D:2      | Found a stormy altar of Qazlal.
 10610 | D:2      | Found a burning altar of Makhleb.
 10611 | D:2      | Found a deep blue altar of Sif Muna.
 10934 | D:2      | XOM is BORED!
 10934 | D:2      | XOM: noise
 10971 | D:2      | XOM: harmless Trmt miscast
 10990 | D:2      | XOM: medium Trmt miscast
 11717 | D:2      | XOM: colour smoke trail
 12099 | D:2      | XOM: summons 4 hostile demons
 12169 | D:3      | XOM: medium Summ miscast
 12505 | D:2      | XOM: god gift: 22 stones
 12632 | D:2      | XOM: medium Hex miscast
 12777 | D:2      | XOM: summons 2 hostile shadow creatures
 12782 | D:2      | XOM: colour smoke trail
 13311 | D:2      | XOM: harmless Divn miscast
 14003 | D:2      | XOM: scenery: 4 doors close
 14063 | D:2      | XOM is BORED!
 14063 | D:2      | XOM: mild Tloc miscast
 15245 | D:2      | XOM is BORED!
 15245 | D:2      | XOM: medium Fire miscast
 15339 | D:2      | XOM: silly message
 15704 | D:2      | XOM: noise
 16112 | D:2      | XOM: harmless Ice miscast
 16338 | D:2      | XOM is BORED!
 16338 | D:2      | XOM: medium Conj miscast
 17028 | D:2      | XOM: mild Pois miscast
 17167 | D:2      | XOM: scenery: 3 doors open, 1 doors close
 17204 | D:2      | XOM: medium Tloc miscast
 17350 | D:2      | XOM: harmless Trmt miscast
 17455 | D:2      | XOM: noise
 17620 | D:2      | XOM: harmless Tloc miscast
 18032 | D:2      | XOM: harmless Hex miscast
 18603 | D:2      | XOM: give mutations
 18603 | D:2      | Lost mutation: You evolve. [Xom's mischief]
 18603 | D:2      | Gained mutation: Your body sometimes deteriorates upon taking damage. [Xom's mischief]
 18638 | D:2      | XOM: medium Ice miscast
 18644 | D:2      | XOM: give mutations
 18644 | D:2      | Gained mutation: Scrolls take you a little longer to read. [Xom's mischief]
 18644 | D:2      | Lost mutation: Your body sometimes deteriorates upon taking damage. [Xom's mischief]
 18992 | D:2      | XOM: harmless Trmt miscast
 19015 | D:2      | XOM: summons 4 hostile demons
 19280 | D:2      | XOM: harmless Necr miscast
 19357 | D:2      | XOM is BORED!
 19357 | D:2      | XOM: noise
 19674 | D:2      | XOM: colour smoke trail
 19759 | D:2      | XOM is BORED!
 19759 | D:2      | XOM: medium Summ miscast
 19814 | D:3      | XOM: mild Erth miscast
 20746 | D:3      | Noticed Ijyb
 20757 | D:3      | Killed Ijyb
 21155 | D:3      | XOM: medium Chrm miscast
 21400 | D:3      | XOM: stat loss: -1 Int (8/9)
 21472 | D:3      | XOM: summons 4 hostile shadow creatures
 22068 | D:3      | XOM: colour smoke trail
 22375 | D:3      | XOM: harmless Fire miscast
 22531 | D:3      | XOM: mild Erth miscast
 22576 | D:3      | XOM: mild Pois miscast
 22608 | D:3      | XOM: give mutations
 22608 | D:3      | Lost mutation: You are resistant to hostile enchantments. [Xom's mischief]
 22608 | D:3      | Gained mutation: You occasionally shout uncontrollably at your foes. [Xom's mischief]
 22608 | D:3      | Gained mutation: You sometimes yell uncontrollably at your foes. [Xom's mischief]
 22789 | D:3      | Reached XP level 10. HP: 59/59 MP: 10/10
 23180 | D:3      | XOM: mild Summ miscast
 23633 | D:3      | XOM: harmless Erth miscast
 23653 | D:3      | XOM: mild Summ miscast
 24261 | D:3      | XOM: give mutations
 24261 | D:3      | Gained mutation: You are dopey. (Int -2) [Xom's mischief]
 24261 | D:3      | Gained mutation: You are very weak. (Str -4) [Xom's mischief]
 24261 | D:3      | Gained mutation: You are clumsy. (Dex -2) [Xom's mischief]
 24261 | D:3      | Lost mutation: You are dopey. (Int -2) [Xom's mischief]
 24364 | D:3      | XOM: silly message
 24798 | D:3      | XOM: colour smoke trail
 24879 | D:3      | XOM: mild Erth miscast
 25006 | D:3      | XOM: silly message
 25025 | D:3      | XOM: harmless Erth miscast
 25399 | D:7      | XOM: noise
 25476 | Temple   | XOM: give mutations
 25476 | Temple   | Gained mutation: You have large cloven feet. [Xom's mischief]
 25476 | Temple   | Lost mutation: You have large cloven feet. [Xom's mischief]
 25700 | Temple   | XOM: medium Summ miscast
 25701 | Temple   | Noticed an ice devil
 25971 | D:7      | XOM is BORED!
 25971 | D:7      | XOM: medium Trmt miscast
 26145 | D:7      | XOM: summons 5 hostile demons
 26146 | D:7      | Noticed a rust devil
 26146 | D:7      | Noticed a rust devil
 26968 | Temple   | XOM: torment (31/59 hp)
 27033 | Temple   | XOM: mild Hex miscast
 27048 | Temple   | XOM: summons 1 hostile demon
 27049 | Temple   | Noticed an ice devil
 27800 | Temple   | XOM: harmless Ice miscast
 28148 | Temple   | XOM: colour smoke trail
 28281 | Temple   | XOM is BORED!
 28281 | Temple   | XOM: summons 5 hostile demons
 28403 | D:7      | Found Ypyett's Antique Armour Shop.
 28411 | D:7      | Bought a glowing cloak for 135 gold pieces
 28749 | D:7      | XOM: polymorph hog -> polar bear
 28753 | D:7      | Noticed a hornet
 28753 | D:7      | a polar bear changed into a hornet
 28753 | D:7      | XOM: polymorph polar bear -> hornet
 28757 | D:7      | XOM: polymorph sheep -> porcupine
 28762 | D:7      | XOM: blink monster(s)
 28764 | D:7      | XOM: severe Summ miscast
 28767 | D:7      | a hornet changed into a yak
 28773 | D:7      | XOM: enchant monster (bad)
 28778 | D:7      | XOM: confuse monster(s)
 28789 | D:7      | XOM: medium Tloc miscast
 28923 | D:7      | XOM: 2-stop teleportation journey
 29434 | D:7      | XOM: mild Trmt miscast
 29662 | Temple   | XOM: silly message
 29724 | Temple   | XOM: give mutation
 29724 | Temple   | Gained mutation: Your flesh is very cold resistant. [Xom's grace]
 29954 | Temple   | XOM: god gift: 18 gold pieces
 30118 | Temple   | XOM: god gift: potion of mutation
 30420 | Temple   | Lost mutation: You are very weak. (Str -4) [potion of mutation]
 30420 | Temple   | Gained mutation: You are partially covered in molten scales (AC +1). [potion of mutation]
 30420 | Temple   | Lost mutation: You are weak. (Str -2) [potion of mutation]
 31108 | Temple   | XOM: give mutations
 31108 | Temple   | Gained mutation: Your spells are a little harder to cast, but a little more powerful. [Xom's grace]
 31108 | Temple   | Gained mutation: You are partially covered in slimy green scales (AC +2). [Xom's grace]
 31638 | Temple   | XOM: divination: detect items
 31881 | Temple   | XOM: god gift: plate armour {god gift}
 31958 | Temple   | XOM: 9-stop teleportation journey
 31981 | Temple   | XOM: 3-stop teleportation journey
 31988 | Temple   | XOM: give mutations
 31988 | Temple   | Gained mutation: Your flesh is almost immune to the effects of cold. [Xom's grace]
 31988 | Temple   | Gained mutation: You passively map a small area around you. [Xom's grace]
 32047 | Temple   | XOM: god gift: jewelled lead wand {god gift}
 32673 | Temple   | XOM: give mutation
 32673 | Temple   | Gained mutation: You have a pair of small horns on your head. [Xom's grace]
 32745 | Temple   | XOM: harmless Erth miscast
 33139 | Temple   | XOM: god gift: leatherbound book {god gift}
 33402 | Temple   | XOM: colour smoke trail
 33730 | Temple   | XOM: silly message
 34026 | Temple   | XOM: harmless Hex miscast
 34359 | Temple   | XOM: colour smoke trail
 34397 | Temple   | XOM: mild Divn miscast
 34565 | Temple   | XOM: medium Necr miscast
 34766 | Temple   | XOM: medium Chrm miscast
 34831 | Temple   | XOM: harmless Necr miscast
 34884 | Temple   | XOM: harmless Tloc miscast
 34898 | Temple   | XOM: harmless Trmt miscast
 35098 | Temple   | XOM: colour smoke trail
 35234 | Temple   | XOM: mild Air miscast
 35274 | Temple   | XOM is BORED!
 35274 | Temple   | XOM: mild Air miscast
 35733 | Temple   | XOM: god gift: lamp of fire
 35924 | Temple   | XOM: colour smoke trail
 36465 | Temple   | XOM: divination: detect creatures
 36735 | Temple   | XOM: divination: detect creatures
 36928 | Temple   | XOM: cast spell 'Spider Form'
 37049 | Temple   | XOM: silly message
 37193 | Temple   | XOM: divination: detect creatures
 37293 | Temple   | XOM: harmless Air miscast
 37353 | Temple   | XOM: silly message
 37741 | Temple   | XOM: give mutation
 37741 | Temple   | Gained mutation: You have sharp toenails. [Xom's grace]
 37956 | Temple   | XOM: give mutations
 37956 | Temple   | Gained mutation: You are resistant to hostile enchantments. [Xom's grace]
 37956 | Temple   | Gained mutation: Your flesh is heat resistant. [Xom's grace]
 37956 | Temple   | Gained mutation: You are partially covered in iridescent scales (AC +4). [Xom's grace]
 38015 | Temple   | XOM: give mutations
 38015 | Temple   | Gained mutation: Your skin changes colour to match your surroundings (Stealth). [Xom's grace]
 38015 | Temple   | Gained mutation: You can translocate small distances at will. [Xom's grace]
 38015 | Temple   | Gained mutation: You have a pair of horns on your head. [Xom's grace]
 38015 | Temple   | Gained mutation: Your mind is acute. (Int +2) [Xom's grace]
 38214 | D:7      | XOM is BORED!
 38214 | D:7      | XOM: harmless Air miscast
 38285 | D:8      | Noticed Amnesiac's ghost (novice OpTm)
 38333 | D:7      | XOM: divination: detect creatures
 38919 | Temple   | XOM: colour smoke trail
 39249 | Temple   | XOM: silly message
 39337 | Temple   | XOM: mild Hex miscast
 39853 | Temple   | XOM: colour smoke trail
 39888 | Temple   | XOM: give mutations
 39888 | Temple   | Lost mutation: You have sharp toenails. [Xom's mischief]
 39888 | Temple   | Lost mutation: You are clumsy. (Dex -2) [Xom's mischief]
 39888 | Temple   | Lost mutation: You are resistant to hostile enchantments. [Xom's mischief]
 39888 | Temple   | Lost mutation: You are partially covered in slimy green scales (AC +2). [Xom's mischief]
 39942 | Temple   | XOM: harmless Fire miscast
 40229 | Temple   | XOM: stat loss: -1 Int (10/11)
 40583 | Temple   | XOM: silly message
 41493 | Temple   | XOM: give mutation
 41493 | Temple   | Lost mutation: You have a pair of horns on your head. [Xom's mischief]
 42452 | Temple   | XOM is BORED!
 42452 | Temple   | XOM: noise
 42460 | Temple   | XOM: give mutations
 42460 | Temple   | Lost mutation: You are partially covered in iridescent scales (AC +4). [Xom's mischief]
 42460 | Temple   | Lost mutation: Your spells are a little harder to cast, but a little more powerful. [Xom's mischief]
 42460 | Temple   | Lost mutation: Your mind is acute. (Int +2) [Xom's mischief]
 42460 | Temple   | Lost mutation: Your skin changes colour to match your surroundings (Stealth). [Xom's mischief]
 42648 | Temple   | XOM: god gift: wand of teleportation {god gift}
 42680 | Temple   | XOM: give mutations
 42680 | Temple   | Gained mutation: Your natural rate of healing is unusually fast. [Xom's grace]
 42680 | Temple   | Gained mutation: Your spells are a little harder to cast, but a little more powerful. [Xom's grace]
 42831 | Temple   | XOM: god gift: scorched hand axe {god gift}
 42832 | Temple   | Got a scorched hand axe {god gift}
 42833 | Temple   | Identified the +7 hand axe "Puhag" {speed, +Rage Str+3 Dex+5} (Xom gifted it to you in the Ecumenical Temple)
 43593 | Temple   | XOM: god gift: 18 gold pieces
 45052 | Temple   | XOM: divination: detect creatures
 45510 | Temple   | XOM is BORED!
 45510 | Temple   | XOM: medium Necr miscast
 45862 | Temple   | XOM: mild Erth miscast
 46205 | Temple   | XOM: divination: detect creatures
 46859 | Temple   | XOM: divination: detect creatures
 46906 | Temple   | XOM: divination: detect creatures
 47080 | D:8      | Noticed Erolcha
 47099 | D:8      | XOM: potion effect (agility)
 47109 | D:8      | XOM: confuse monster(s)
 47114 | D:8      | Noticed a green ugly thing
 47115 | D:8      | XOM: confuse monster(s)
 47125 | D:8      | Killed Amnesiac's ghost
 47128 | D:8      | Killed a green ugly thing
 47134 | D:8      | Reached XP level 11. HP: 33/63 MP: 11/11
 47156 | D:8      | Killed Erolcha
 47325 | D:8      | Found a radiant altar of Vehumet.
 47360 | D:8      | XOM: mild Summ miscast
 47461 | D:8      | XOM: harmless Fire miscast
 47498 | D:8      | XOM is BORED!
 47498 | D:8      | XOM: summons 5 hostile demons
 47929 | D:8      | XOM: divination: detect creatures
 48607 | Temple   | XOM: divination: detect creatures
 50678 | Temple   | XOM: god gift: scimitar {god gift}
 50989 | Temple   | XOM: summons 5 hostile demons
 51168 | Temple   | XOM: summons 3 hostile demons
 51269 | D:5      | Fell from the grace of Xom
 51269 | D:5      | Became a worshipper of Zin the Law-Giver
 51269 | D:5      | Reached * piety under Zin
 51269 | D:5      | Reached ** piety under Zin
 51680 | D:9      | Reached skill level 1 in Axes
 51811 | D:9      | XOM: noise
 52060 | D:9      | Found an oddly glowing altar of Pakellas.
 52352 | D:9      | XOM: mild Necr miscast
 52601 | D:10     | Entered Level 10 of the Dungeon
 52680 | D:10     | XOM: give mutations
 52680 | D:10     | Found a sparkling altar of Nemelex Xobeh.
 52680 | D:10     | XOM: 6-stop teleportation journey
 52699 | D:10     | Found a staircase to the Orcish Mines.
 52699 | D:10     | Noticed Sonja
 52711 | D:10     | Noticed a hill giant
 52720 | D:10     | Killed a hill giant
 52748 | D:10     | XOM: 1-stop teleportation journey
 52942 | D:10     | XOM: noise
 52995 | D:10     | Noticed Maurice
 53012 | D:10     | Killed Maurice
 53054 | D:10     | Killed Sonja
 53331 | D:10     | Noticed Josephine
 53368 | D:10     | Killed Josephine
 53368 | D:10     | Reached XP level 12. HP: 39/68 MP: 12/12
 53459 | D:10     | Reached *** piety under Zin
 53735 | D:10     | XOM: noise
 53877 | D:10     | XOM: mild Trmt miscast
 53904 | D:10     | XOM: god gift: ring of ice {god gift}
 53929 | D:10     | XOM: medium Tloc miscast
 53930 | D:10     | Cast into level 2 of the Abyss (the capriciousness of Xom)
 53949 | Abyss:2  | Got an ancient quarterstaff
 53952 | Abyss:2  | Identified the cursed +3 quarterstaff of Dithmenos's Regard {vamp, Dex+4} (You found it on level 2 of the Abyss)
 53958 | Abyss:2  | Noticed a tentacled starspawn
 53972 | Abyss:2  | Killed a tentacled starspawn
 53979 | Abyss:2  | Noticed a starcursed mass
 54111 | Abyss:2  | Found a bloodstained altar of Trog.
 54151 | Abyss:2  | Noticed a wretched star
 54154 | Abyss:2  | Noticed a salamander stormcaller
 54185 | Abyss:2  | Killed a salamander stormcaller
 54216 | Abyss:2  | Noticed a spatial maelstrom
 54217 | Abyss:2  | Found a corrupted altar of Lugonu.
 54283 | D:10     | Escaped the Abyss
 54882 | D:11     | Reached skill level 1 in Invocations
 54972 | D:11     | Found a staircase to the Lair.
 55059 | D:11     | XOM: medium Tloc miscast
 55237 | D:11     | XOM: medium Air miscast
 55258 | D:11     | Found a roughly hewn altar of Beogh.
 55297 | D:11     | XOM: enchant monster (bad)
 55537 | D:11     | XOM: mild Chrm miscast
 55573 | D:11     | Reached skill level 5 in Axes
 55582 | D:11     | Reached XP level 13. HP: 61/72 MP: 15/15
 55775 | D:12     | XOM: silly message
 55835 | Lair:1   | Entered Level 1 of the Lair of Beasts
 55838 | Lair:1   | Reached **** piety under Zin
 56304 | Lair:1   | XOM: noise
 56850 | Lair:2   | Found a labyrinth entrance.
 56864 | Lab      | Entered a labyrinth
 57011 | Lab      | Noticed a minotaur
 57150 | Lab      | Killed a minotaur
 57150 | Lab      | Reached skill level 10 in Dodging
 57150 | Lab      | Reached skill level 5 in Invocations
 57153 | Lab      | Got a crystal scythe {elec}
 57163 | Lab      | Identified the Tome of Battle Magic and the Arsonist
 57170 | Lab      | Got an ichor-stained spear
 57197 | Lab      | Identified a +4 rod of clouds (12/12) (You found it in a labyrinth)
 57198 | Lab      | Identified the +1 spear "Plog" {pierce, rF- MR++ Str+5} (You found it in a labyrinth)
 57848 | Lair:3   | Noticed a six-headed hydra
 57865 | Lair:3   | Found a blossoming altar of Fedhas.
 58185 | Lair:3   | Killed a seven-headed hydra
 58305 | Lair:3   | XOM: cast spell 'Spider Form'
 58456 | Lair:3   | XOM: harmless Fire miscast
 58527 | Lair:3   | XOM: harmless Air miscast
 58547 | Lair:3   | XOM: harmless Necr miscast
 59164 | Lair:3   | XOM: harmless Divn miscast
 59412 | Lair:4   | Found a staircase to the Snake Pit.
 59515 | Lair:4   | XOM: medium Erth miscast
 59545 | Lair:4   | Noticed Urug
 59562 | Lair:4   | Reached XP level 14. HP: 31/78 MP: 17/20
 59574 | Lair:4   | Killed Urug
 60015 | D:5      | XOM: noise
 60151 | D:3      | XOM: harmless Ice miscast
 60372 | Lair:3   | XOM: harmless Fire miscast
 60586 | Lair:4   | Noticed Rupert
 60588 | Lair:4   | Paralysed by Rupert for 6 turns
 60716 | Lair:4   | XOM: medium Erth miscast
 60788 | Lair:4   | Paralysed by Rupert for 6 turns
 60808 | Lair:4   | Killed Rupert
 61276 | Lair:5   | Found a white marble altar of Elyvilon.
 61355 | Lair:5   | Reached ***** piety under Zin
 61493 | Lair:5   | Reached skill level 10 in Invocations
 62064 | Lair:6   | Found a staircase to the Slime Pits.
 62347 | Lair:6   | Found a staircase to the Shoals.
 62471 | Lair:6   | XOM: medium Necr miscast
 62949 | Lair:6   | XOM: medium Summ miscast
 62949 | Lair:6   | Was forgiven by Xom
 63307 | Lair:6   | Reached XP level 15. HP: 79/86 MP: 21/23
 63561 | Lair:7   | Got a brightly glowing hunting sling
 63562 | Lair:7   | Identified the +12 hunting sling "Pewky Ida" {flame, *Drain rElec rN+++ Str-4} (You found it on level 7 of the Lair of Beasts)
 63948 | Lair:8   | Entered Level 8 of the Lair of Beasts
 65606 | Lair:8   | Reached skill level 15 in Invocations
 65621 | Lair:8   | Reached ****** piety under Zin
 66137 | Orc:1    | Entered Level 1 of the Orcish Mines
 66137 | Orc:1    | Found Aeba's Alliterative Accessories.
 66259 | Orc:1    | Found a roughly hewn altar of Beogh.
 66317 | Orc:1    | Found a roughly hewn altar of Beogh.
 66342 | Orc:1    | Found Fihus's Antique Weapon Boutique.
 66345 | Orc:1    | Found Rinweylle's Antique Armour Shoppe.
 66473 | Orc:1    | Found Iher's Food Shoppe.
 66531 | Orc:1    | Found Qecimn's Food Shop.
 66562 | Orc:1    | Found Boziuxel's Antique Armour Emporium.
 66570 | Orc:1    | Bought a runed hat for 132 gold pieces
 66862 | Orc:2    | Entered Level 2 of the Orcish Mines
 66973 | Orc:2    | Reached XP level 16. HP: 39/92 MP: 27/27
 67488 | Orc:2    | Found a staircase to the Elven Halls.
 67514 | Orc:2    | Found Balosur's General Store.
 67514 | Orc:2    | Found Menoan's Distillery.
 67514 | Orc:2    | Found Zopukh's Armour Boutique.
 67518 | Orc:2    | Found Verphod's General Store.
 67531 | Orc:2    | Bought a potion of heal wounds for 65 gold pieces
 67533 | Orc:2    | Bought a potion of mutation for 32 gold pieces
 67661 | Orc:2    | Noticed Saint Roka
 68536 | Orc:2    | Bought the +10 morningstar of Joake {speed, rPois MR- Stlth+} for 1005 gold pieces
 68542 | Orc:2    | Bought the ring of the Mage {Wiz MR++ Int+3} for 672 gold pieces
 68554 | Orc:2    | Bought a scroll of remove curse for 39 gold pieces
 69011 | D:12     | Reached skill level 1 in Maces & Flails
 70152 | D:12     | Zin protects you from harm!
 70473 | D:13     | Reached skill level 5 in Maces & Flails
 70480 | D:13     | Found a gate to the Vaults.
 71423 | D:14     | Found an iron altar of Okawaru.
 71539 | D:14     | Noticed Louise
 71987 | D:15     | Entered Level 15 of the Dungeon
 72435 | D:15     | Noticed Azrael
 72448 | D:15     | Killed Azrael
 72448 | D:15     | Reached XP level 17. HP: 92/96 MP: 27/29
 72525 | D:15     | Found a staircase to the Depths.
 73114 | Orc:2    | Bought a +1 hat of spirit shield for 182 gold pieces
 73286 | Snake:1  | Entered Level 1 of the Snake Pit
 73297 | Snake:1  | Found Lysywirr's Food Shop.
 73371 | Snake:1  | Identified a scroll of acquirement
 73373 | Snake:1  | Got a pair of ichor-stained boots
 73384 | Snake:1  | Identified the +2 pair of boots "Xegrusy" {MR+ Slay+4} (You acquired it on level 1 of the Snake Pit)
 73549 | Snake:1  | Reached skill level 1 in Shields
 73563 | Snake:1  | Found Qerudd's Food Boutique.
 74139 | Snake:2  | Reached skill level 10 in Maces & Flails
 74418 | Snake:2  | Got a pitted whip
 74421 | Snake:2  | Identified the +5 whip "Cieletz" {holy, Dex+4} (You found it on level 2 of the Snake Pit)
 74737 | Snake:3  | Found Taluth's General Store.
 74827 | Snake:3  | Bought a scroll of enchant armour for 105 gold pieces
 74879 | Snake:3  | Found a radiant altar of Vehumet.
 75295 | Snake:3  | Reached skill level 5 in Shields
 75372 | Snake:4  | Entered Level 4 of the Snake Pit
 75386 | Snake:3  | Reached XP level 18. HP: 77/101 MP: 24/30
 75831 | Snake:4  | Got a shimmering buckler
 75842 | Snake:4  | Identified the +0 buckler of Depression {Str+3 Int+2} (You acquired it on level 4 of the Snake Pit)
 76572 | Snake:4  | Reached XP level 19. HP: 103/105 MP: 30/32
 77002 | Snake:4  | Got a serpentine rune of Zot
 77497 | Shoals:1 | Entered Level 1 of the Shoals
 78960 | Shoals:3 | Found a runed door.
 79371 | Shoals:3 | Reached XP level 20. HP: 111/111 MP: 33/33
 79532 | Shoals:4 | Entered Level 4 of the Shoals
 79595 | Shoals:4 | Reached skill level 10 in Shields
 79630 | Shoals:4 | Noticed Ilsuiw
 79795 | Shoals:4 | Killed Ilsuiw
 80171 | Shoals:4 | Reached skill level 15 in Maces & Flails
 80491 | Shoals:4 | Got a barnacled rune of Zot
 80691 | Shoals:4 | Found Nab Xura's Book Shop.
 80698 | Shoals:4 | Found Qozuptan's Book Boutique.
 81109 | Orc:2    | Killed Saint Roka
 81372 | Elf:1    | Entered Level 1 of the Elven Halls
 81511 | Elf:1    | Learned a level 3 spell: Ozocubu's Armour
 81564 | Elf:1    | Learned a level 5 spell: Summon Forest
 81773 | Elf:1    | Reached XP level 21. HP: 110/115 MP: 31/34
 81780 | Elf:1    | Found Acsobu's General Store.
 81793 | Elf:1    | Reached skill level 1 in Charms
 81793 | Elf:1    | Reached skill level 1 in Ice Magic
 82070 | Elf:2    | Noticed Agnes
 82081 | Elf:2    | Killed Agnes
 82081 | Elf:2    | Reached skill level 1 in Spellcasting
 82143 | Elf:2    | Learned a level 2 spell: Shroud of Golubria
 82609 | Elf:2    | Found Lumyiz's Armour Shop.
 82718 | Elf:2    | Found a runed gate.
 82718 | Elf:2    | Found a runed gate.
 82718 | Elf:2    | Found a runed gate.
 82745 | Elf:2    | Noticed Jorgrun
 82809 | Elf:2    | Killed Jorgrun
 83202 | Elf:3    | Entered Level 3 of the Elven Halls
 83414 | Elf:3    | Got a faintly glowing plate armour
 83418 | Elf:3    | Identified the +1 plate armour of Divine Compulsion {-Cast MR- Slay+5 Stlth+} (You found it on level 3 of the Elven Halls)
 83502 | Elf:3    | Noticed Mara
 83510 | Elf:3    | Noticed M4edhros's illusion
 83533 | Elf:3    | Killed Mara
 83621 | Elf:3    | Reached skill level 5 in Ice Magic
 83636 | Elf:3    | Paralysed by a giant eyeball for 3 turns
 83807 | Elf:3    | Noticed a Brimstone Fiend
 83833 | Elf:3    | Reached XP level 22. HP: 39/120 MP: 13/36
 83838 | Elf:3    | Upgraded the game from 0.18-a0-1443-ge8f1551 to 0.18-a0-1466-g2490093
 83852 | Elf:3    | Reached skill level 5 in Spellcasting
 83920 | Elf:3    | Reached skill level 5 in Charms
 83941 | Elf:3    | Reached skill level 1 in Translocations
 84230 | Elf:3    | Reached skill level 1 in Summonings
 84609 | Elf:3    | Got a fine bronze ring
 84612 | Elf:3    | Identified the ring "Faigoppa" {+Blink +Fly rF+ EV+1 Str+5} (You took it off a deep elf knight on level 3 of the Elven Halls)
 84849 | Elf:3    | Got a polished gold dragon armour
 84872 | Elf:3    | Got a polished hunting sling
 84873 | Elf:3    | Identified the +7 hunting sling "Uckoeg" {velocity, +Fly Str+3 Dex+3} (You found it on level 3 of the Elven Halls)
 84878 | Elf:3    | Identified Xer Potu's Almanac of Lethal Execration (You found it on level 3 of the Elven Halls)
 84906 | Elf:3    | Identified the Incunabulum of Supportive Enchantment (You found it on level 3 of the Elven Halls)
 84915 | Elf:3    | Drew Focus: Str increased to 19, Int decreased to 11
 84916 | Elf:3    | Drew Focus: Str increased to 20, Int decreased to 10
 84920 | Elf:3    | Drew Focus: Str increased to 21, Int decreased to 9
 84922 | Elf:3    | Lost mutation: You sometimes yell uncontrollably at your foes. [helix card]
 84959 | Elf:3    | Identified the +7 gold dragon armour "Fekuisea" {rPois rF+ rC+ Str+2} (You found it on level 3 of the Elven Halls)
 85336 | Orc:1    | Bought a scroll of acquirement for 832 gold pieces
 85458 | Lair:4   | Learned a level 2 spell: Repel Missiles
 85876 | D:2      | Fell from the grace of Zin
 85876 | D:2      | Became a worshipper of Elyvilon the Healer
 85876 | D:2      | Reached * piety under Elyvilon
 85876 | D:2      | Reached ** piety under Elyvilon
 85876 | D:2      | Reached *** piety under Elyvilon
 86021 | Temple   | Fell from the grace of Elyvilon
 86021 | Temple   | Became a worshipper of Xom of Unknown Intention
 86132 | D:2      | XOM: harmless Summ miscast
 86150 | D:2      | Fell from the grace of Xom
 86150 | D:2      | Became a worshipper of Elyvilon the Healer
 86151 | D:2      | Lost mutation: Your flesh is almost immune to the effects of cold. [potion of mutation]
 86152 | D:2      | Gained mutation: You have a somewhat thin skeletal structure (Dex +2, Stealth). [potion of mutation]
 86152 | D:2      | Gained mutation: You are clumsy. (Dex -2) [potion of mutation]
 86153 | D:2      | Lost mutation: Scrolls take you a little longer to read. [potion of mutation]
 86155 | D:2      | Gained mutation: You evolve. [potion of mutation]
 86265 | D:5      | Fell from the grace of Elyvilon
 86265 | D:5      | Became a worshipper of Zin the Law-Giver
 86266 | D:5      | Donated 355 gold pieces to Zin
 86558 | Slime:1  | Entered Level 1 of the Pits of Slime
 87137 | Slime:1  | Reached skill level 1 in Air Magic
 87147 | Slime:2  | Noticed Dissolution
 87165 | Slime:1  | Gained mutation: You are partially covered in icy blue scales (AC +1). [evolution]
 87385 | Vaults:1 | Entered Level 1 of the Vaults
 87593 | Vaults:1 | XOM: noise
 87803 | Vaults:1 | Got a bloodstained shield
 87805 | Vaults:1 | XOM: 2-stop teleportation journey
 87814 | Vaults:1 | Identified the +3 shield "Jiges" {+Fly rPois Dex-3} (You found it on level 1 of the Vaults)
 87911 | Vaults:1 | XOM: noise
 88857 | Vaults:2 | Reached XP level 23. HP: 67/128 MP: 17/37
 89024 | Vaults:2 | XOM: silly message
 89191 | Vaults:2 | Reached skill level 5 in Summonings
 89516 | Vaults:2 | Got a pitted turquoise ring
 89789 | Vaults:3 | XOM: noise
 89804 | Vaults:3 | XOM: medium Conj miscast
 90088 | Vaults:3 | Reached skill level 5 in Air Magic
 90367 | Vaults:3 | XOM: mild Necr miscast
 90660 | Vaults:3 | XOM: medium Conj miscast
 90978 | Vaults:3 | XOM: medium Tloc miscast
 91074 | Vaults:3 | XOM: noise
 91098 | Vaults:3 | XOM: noise
 91115 | Vaults:3 | Found a staircase to the Crypt.
 91115 | Vaults:3 | Found a basalt altar of Yredelemnul.
 91116 | Vaults:3 | Found an ancient bone altar of Kikubaaqudgha.
 91192 | Vaults:3 | Reached skill level 10 in Fighting
 91356 | Vaults:4 | XOM: medium Divn miscast
 91432 | Vaults:4 | XOM: 5-stop teleportation journey
 91825 | Vaults:4 | XOM: medium Trmt miscast
 91842 | Vaults:4 | Got a slimy silver amulet
 91879 | Vaults:4 | Reached XP level 24. HP: 134/138 MP: 37/37
 92142 | Vaults:4 | Identified the amulet of Sloth {Harm *Drain MR+ Str+7 Dex+4} (You found it on level 4 of the Vaults)
 92143 | Vaults:4 | Identified the ring "Jap Hisy" {rElec Int+3 Stlth-} (You found it on level 2 of the Vaults)
 92585 | Vaults:5 | Entered Level 5 of the Vaults
 92856 | Vaults:5 | XOM: noise
 92881 | Vaults:5 | Noticed a golden dragon
 92899 | Vaults:5 | Killed a golden dragon
 93181 | Vaults:5 | Learned a level 3 spell: Mephitic Cloud
 93475 | Vaults:5 | Reached XP level 25. HP: 137/146 MP: 36/37
 93476 | Vaults:5 | Got a silver rune of Zot
 93481 | Vaults:5 | XOM: mild Trmt miscast
 93671 | Vaults:5 | XOM: mild Erth miscast
 93804 | Vaults:5 | Got a translucent hunting sling
 93805 | Vaults:5 | Identified the +12 hunting sling "Ruevomp" {venom, +Inv rC+ Str-5 SInv} (You found it on level 5 of the Vaults)
 93906 | Vaults:5 | Got a flickering jade ring
 93907 | Vaults:5 | Identified the ring of Jivabbom {MR+ MP+9 Int+4} (You took it off a necromancer on level 5 of the Vaults)
 93934 | Vaults:5 | XOM: mild Ice miscast
 94613 | Crypt:1  | Entered Level 1 of the Crypt
 94676 | Crypt:1  | Reached skill level 15 in Armour
 94712 | Crypt:1  | XOM: god gift: 5 sling bullets of flame
 94848 | Crypt:1  | Identified a cursed +1 rod of inaccuracy (13/13) (You took it off a yaktaur captain on level 5 of the Vaults)
 94878 | Crypt:1  | Noticed Sojobo
 94911 | Crypt:1  | Killed Sojobo
 95023 | Crypt:1  | XOM: mild Necr miscast
 95054 | Crypt:1  | XOM: mild Divn miscast
 95409 | Crypt:1  | Reached skill level 15 in Dodging
 95621 | Crypt:1  | Identified the Guide on Unholy Magic
 95694 | Crypt:1  | XOM: mild Summ miscast
 95963 | Crypt:2  | Reached XP level 26. HP: 114/154 MP: 34/38
 96190 | Crypt:2  | Reached skill level 10 in Air Magic
 96289 | Crypt:2  | Upgraded the game from 0.18-a0-1466-g2490093 to 0.18-a0-1468-gaf180a1
 96679 | Crypt:2  | XOM: medium Chrm miscast
 96679 | Crypt:2  | Was forgiven by Xom
 97016 | Crypt:3  | Entered Level 3 of the Crypt
 97377 | Crypt:3  | Found a staircase to the Tomb.
 98012 | Crypt:3  | Found a basalt altar of Yredelemnul.
 98371 | Crypt:3  | Got a crude copper ring
 98382 | Crypt:3  | Got a slimy iron amulet
 98383 | Crypt:3  | Identified the amulet "Egeu" {Inacc Int+3 SInv} (You found it on level 3 of the Crypt)
 98386 | Crypt:3  | Identified the ring "Gumushrov" {rF- rN+ Int+4 SInv} (You took it off a skeletal warrior on level 3 of the Crypt)
 98396 | Crypt:3  | Learned a level 3 spell: Dazzling Spray
 98502 | Crypt:3  | Identified the Reference Book on Assistive Darkness
 98625 | Crypt:3  | Got a brightly glowing bone ring
 98661 | Crypt:3  | Identified Sif Muna's Collected Works on Confrontation and Ignition
 98873 | Crypt:3  | Noticed an ancient lich
 99020 | Crypt:3  | Reached XP level 27. HP: 152/163 MP: 36/38
 99206 | Crypt:3  | Got a steaming quarterstaff
 99207 | Crypt:3  | Identified the ring "Comoir" {Fragile rPois rN+ Slay+3} (You took it off a skeletal warrior on level 3 of the Crypt)
 99217 | Crypt:3  | Identified the +9 quarterstaff of the Establishment {pain, SInv} (You found it on level 3 of the Crypt)
 99306 | Crypt:3  | Killed an ancient lich
 99663 | Depths:1 | Entered Level 1 of the Depths
 99802 | Depths:1 | Identified the Collected Works on Evil Rites
100016 | Depths:1 | Found a gateway to Hell.
100412 | Depths:2 | Found a gateway to a ziggurat.
100619 | Depths:2 | Reached skill level 15 in Fighting
100751 | Depths:2 | Noticed a juggernaut
100766 | Depths:2 | Killed a juggernaut
101513 | Depths:2 | Found a one-way gate leading to the halls of Pandemonium.
101747 | Depths:2 | Learned a level 4 spell: Summon Lightning Spire
102133 | Vaults:5 | Got a transparent scimitar
102136 | Vaults:5 | Identified the cursed +1 scimitar "Tuckow Vuas" {freeze, +Fly rN+} (You found it on level 5 of the Vaults)
102545 | Depths:2 | Got an iridescent eveningstar
102546 | Depths:2 | Identified the +5 eveningstar "Adut" {crush, rElec Str+6 Int-2} (You acquired it on level 2 of the Depths)
102636 | Depths:2 | Got a steaming jade ring
102655 | Depths:2 | Identified the ring "Ruyriokh" {Ice rElec rPois MP+9 Stlth+} (You took it off a vampire mage on level 2 of the Depths)
102818 | Depths:3 | Learned a level 2 spell: Swiftness
103070 | Depths:3 | Noticed Margery
103082 | Depths:3 | Killed Margery
103624 | Depths:3 | Found a one-way gate to the infinite horrors of the Abyss.
104344 | Depths:4 | Noticed an ancient lich
104641 | Depths:4 | Killed an ancient lich
104809 | Depths:4 | Got a dazzling hat
104820 | Depths:4 | Identified the +1 hat of the Lotus Blossom {*Confuse rF+ rC+ Int+6} (You found it on level 4 of the Depths)
105085 | Depths:4 | Noticed an iron giant
105091 | Depths:4 | HP: 3/172 [iron giant/giant spiked club (52)]
105436 | Depths:4 | Killed an iron giant
105554 | Depths:4 | Identified the Collected Works on the Creative Volcanoes (You found it on level 4 of the Depths)
106269 | Depths:4 | Identified the Papyrus of Enchanting Cold (You found it on level 4 of the Depths)
106277 | Depths:4 | Learned a level 6 spell: Ozocubu's Refrigeration
106407 | Depths:5 | Entered Level 5 of the Depths
107295 | Depths:5 | Got a heavily runed leather armour
107308 | Depths:5 | Identified the +3 leather armour "Tyorch" {rC+ Slay+3 SInv} (You found it on level 5 of the Depths)
107502 | Depths:5 | Found a gate to the Realm of Zot.
107789 | Zot:1    | Entered Level 1 of the Realm of Zot
108066 | Zot:1    | Noticed an orb of fire
108091 | Zot:1    | Killed an orb of fire
109084 | Zot:2    | Noticed an orb of fire
109114 | Zot:2    | Killed an orb of fire
110355 | Zot:3    | Noticed an orb of fire
110382 | Zot:3    | Killed an orb of fire
110744 | Zot:3    | Noticed an orb of fire
110751 | Zot:3    | Noticed an orb of fire
110759 | Zot:3    | Killed an orb of fire
110781 | Zot:3    | Killed an orb of fire
112158 | Zot:5    | Entered Level 5 of the Realm of Zot
112225 | Zot:5    | Noticed an ancient lich
112230 | Zot:5    | Killed an ancient lich
112238 | Zot:5    | Noticed an orb of fire
112266 | Zot:5    | Killed an orb of fire
112370 | Zot:5    | Noticed an orb of fire
112377 | Zot:5    | Killed an orb of fire
112549 | Zot:5    | Noticed an orb of fire
112556 | Zot:5    | Noticed an orb of fire
112573 | Zot:5    | Killed an orb of fire
112594 | Zot:5    | Noticed an ancient lich
112600 | Zot:5    | Noticed an ancient lich
112604 | Zot:5    | Killed an ancient lich
112607 | Zot:5    | Killed an ancient lich
112721 | Zot:5    | Killed an orb of fire
112858 | Zot:5    | Reached skill level 27 in Invocations
113247 | Hell     | Entered the Vestibule of Hell
113247 | Hell     | Noticed Geryon
113419 | Hell     | Killed Geryon
113526 | Hell     | Found a gateway to the ashen valley of Gehenna.
113667 | Geh:1    | Entered Level 1 of Gehenna
114738 | Geh:5    | Reached skill level 15 in Air Magic
115029 | Geh:7    | Entered Level 7 of Gehenna
116328 | Geh:7    | Reached skill level 10 in Slings
117726 | Geh:7    | Identified Vehumet's Handbook of Combat Magic
117733 | Geh:7    | Learned a level 4 spell: Fulminant Prism
117774 | Geh:7    | Noticed Asmodeus
117798 | Geh:7    | Got an obsidian rune of Zot
117966 | Hell     | Found a gateway to the decaying netherworld of Tartarus.
118075 | Tar:1    | Entered Level 1 of Tartarus
119679 | Tar:5    | Reached skill level 10 in Spellcasting
119768 | Tar:5    | Paralysed by a Zot trap for 5 turns
120333 | Tar:7    | Entered Level 7 of Tartarus
120382 | Tar:7    | Gained mutation: Armour fits poorly on your strangely shaped body. [mutagenic glow]
121279 | Tar:7    | Got a scorched turquoise ring
121280 | Tar:7    | Identified the ring of the Hero {rN+ Int+5} (You found it on level 7 of Tartarus)
121716 | Tar:7    | Noticed Ereshkigal
121749 | Tar:7    | Killed Ereshkigal
121778 | Tar:7    | Got a bone rune of Zot
121796 | Tar:7    | Got a transparent morningstar
121797 | Tar:7    | Identified the +5 morningstar of the Three Ghosts {antimagic, Str+4} (You found it on level 7 of Tartarus)
121854 | Tar:7    | Reached skill level 15 in Spellcasting
121906 | Tar:7    | Identified Sif Muna's Incunabulum of the Oath
121917 | Tar:7    | Learned a level 3 spell: Gell's Gravitas
122021 | Tar:7    | Reached skill level 10 in Short Blades
122427 | Hell     | Found a gateway to the freezing wastes of Cocytus.
122528 | Coc:1    | Entered Level 1 of Cocytus
122747 | Coc:6    | Noticed a shard shrike
122748 | Coc:6    | Noticed a shard shrike
122748 | Coc:6    | Noticed a shard shrike
122754 | Coc:6    | Killed a shard shrike
122756 | Coc:6    | Killed a shard shrike
122765 | Coc:6    | Killed a shard shrike
122822 | Coc:7    | Entered Level 7 of Cocytus
123039 | Coc:7    | Reached skill level 15 in Short Blades
123151 | Coc:7    | Noticed a shard shrike
123157 | Coc:7    | Killed a shard shrike
123531 | Coc:7    | Noticed a shard shrike
123537 | Coc:7    | Killed a shard shrike
123645 | Coc:7    | Lost mutation: You have a pair of small horns on your head. [mutagenic glow]
123818 | Coc:7    | Got a warped long sword
123855 | Coc:7    | Identified the +5 long sword "Yrenem" {vamp, Str+5 Dex+4} (You found it on level 7 of Cocytus)
124143 | Coc:7    | Noticed Antaeus
124234 | Coc:7    | Killed Antaeus
124292 | Coc:7    | Got an icy rune of Zot
124298 | Coc:7    | Identified Foess's Guide on Earthen Hexes
124301 | Coc:7    | Identified Sif Muna's Tome of the Oath
124313 | Coc:7    | Drew Focus: Str increased to 22, Int decreased to 10
124448 | Coc:7    | Noticed a shard shrike
124459 | Coc:7    | Killed a shard shrike
124493 | Coc:7    | Noticed a shard shrike
124500 | Coc:7    | Killed a shard shrike
124628 | Hell     | Found a gateway to the Iron City of Dis.
124805 | Dis:1    | Entered Level 1 of the Iron City of Dis
125283 | Dis:2    | Noticed an iron giant
125368 | Dis:2    | Killed an iron giant
125699 | Dis:4    | Gained mutation: You are weak. (Str -2) [mutagenic glow]
126154 | Dis:5    | Gained mutation: You are very weak. (Str -4) [mutagenic glow]
126205 | Dis:5    | Gained mutation: Your body sometimes deteriorates upon taking damage. [mutagenic glow]
126544 | Dis:6    | Noticed an iron giant
126585 | Dis:7    | Entered Level 7 of the Iron City of Dis
126602 | Dis:7    | Noticed an iron giant
126659 | Dis:7    | Killed an iron giant
126681 | Dis:7    | Noticed an iron giant
126721 | Dis:7    | Killed an iron giant
126788 | Dis:7    | Noticed an iron giant
126966 | Dis:7    | Noticed an iron giant
127144 | Dis:7    | Killed an iron giant
127316 | Dis:7    | Killed an iron giant
128130 | Dis:7    | Reached skill level 5 in Translocations
128138 | Dis:7    | Noticed Dispater
128185 | Dis:7    | Got an iron rune of Zot
128524 | Depths:3 | Voluntarily entered the Abyss.
128703 | Abyss:1  | Found a corrupted altar of Lugonu.
128719 | Abyss:1  | Found a stormy altar of Qazlal.
128829 | Abyss:1  | Found a corrupted altar of Lugonu.
128849 | Abyss:1  | Found a corrupted altar of Lugonu.
129096 | Abyss:1  | Found a corrupted altar of Lugonu.
129269 | Abyss:1  | Found a blossoming altar of Fedhas.
129638 | Abyss:3  | Found a corrupted altar of Lugonu.
129801 | Abyss:3  | Found a corrupted altar of Lugonu.
130652 | Abyss:3  | Reached skill level 10 in Summonings
130787 | Abyss:3  | Found an oddly glowing altar of Pakellas.
130882 | Abyss:3  | Paralysed by accursed screaming for 1 turns
131948 | Abyss:4  | Got an abyssal rune of Zot
132310 | Depths:3 | Escaped the Abyss
132378 | Pan      | Entered Pandemonium
132378 | Pan      | Noticed 4thArraOfDagon's ghost (legendary TrFi)
132397 | Pan      | Killed 4thArraOfDagon's ghost
132397 | Pan      | Reached skill level 10 in Translocations
132468 | Pan      | Got a scorched quarterstaff
132552 | Pan      | Noticed Zuceocaing the pandemonium lord
132619 | Pan      | Killed Zuceocaing the pandemonium lord
132656 | Pan      | Got a demonic rune of Zot
132676 | Pan      | Found an exit through the horrors of the Abyss.
132683 | Pan      | Drew Focus: Str increased to 23, Int decreased to 9
133299 | Pan      | Noticed Kileh the pandemonium lord
133314 | Pan      | Killed Kileh the pandemonium lord
133721 | Pan      | Learned a level 4 spell: Passage of Golubria
134080 | Pan      | Found an exit through the horrors of the Abyss.
134232 | Pan      | Noticed Reusuth the pandemonium lord
134774 | Depths:3 | Escaped Pandemonium
134791 | Pan      | Entered Pandemonium
134813 | Pan      | Found an exit through the horrors of the Abyss.
134818 | Pan      | Noticed Orruvola the pandemonium lord
134848 | Pan      | Killed Orruvola the pandemonium lord
134882 | Pan      | Noticed Mennas
134920 | Pan      | Killed Mennas
135005 | Pan      | Noticed Yhusch the pandemonium lord
135037 | Pan      | Killed Yhusch the pandemonium lord
135221 | Pan      | Lost mutation: You evolve. [end of evolution]
135484 | Pan      | Found an exit through the horrors of the Abyss.
136561 | Pan      | Noticed Plog the pandemonium lord
136585 | Pan      | Killed Plog the pandemonium lord
137095 | Pan      | Found an exit through the horrors of the Abyss.
137144 | Pan      | Noticed Fidamp the pandemonium lord
137164 | Pan      | Killed Fidamp the pandemonium lord
137313 | Pan      | Noticed Irphump the pandemonium lord
137324 | Pan      | Killed Irphump the pandemonium lord
137434 | Pan      | Found an exit through the horrors of the Abyss.
137893 | Pan      | Noticed Vuchopo the pandemonium lord
138395 | Pan      | Found an exit through the horrors of the Abyss.
138433 | Pan      | Killed Vuchopo the pandemonium lord
138709 | Pan      | Found an exit through the horrors of the Abyss.
138834 | Pan      | Noticed Dyng the pandemonium lord
139493 | Pan      | Reached skill level 15 in Summonings
139501 | Pan      | Reached skill level 27 in Dodging
139548 | Pan      | Found an exit through the horrors of the Abyss.
139701 | Pan      | Found a runed door.
140090 | Pan      | Noticed Dunkui the pandemonium lord
140110 | Pan      | Killed Dunkui the pandemonium lord
140127 | Pan      | Entered the realm of Gloorx Vloq.
140176 | Pan      | Found an exit through the horrors of the Abyss.
140786 | Pan      | Noticed Gloorx Vloq
141262 | Pan      | Got a dark rune of Zot
141271 | Pan      | Found an exit through the horrors of the Abyss.
141602 | Pan      | Reached skill level 15 in Translocations
141866 | Pan      | Noticed Vuej the pandemonium lord
141927 | Pan      | Killed Vuej the pandemonium lord
142203 | Pan      | Upgraded the game from 0.18-a0-1468-gaf180a1 to 0.18-a0-1481-g708b138
142668 | Pan      | Entered the realm of Lom Lobon.
142871 | Pan      | Noticed Lom Lobon
142887 | Pan      | Got a magical rune of Zot
142936 | Pan      | Entered the realm of Cerebov.
143206 | Pan      | Noticed Cerebov
143320 | Pan      | Identified the Compendium of a Hundred Suns
143332 | Pan      | Learned a level 9 spell: Dragon's Call
143341 | Pan      | Learned a level 8 spell: Controlled Blink
143424 | Pan      | Killed Cerebov
143475 | Pan      | Got a distressingly furry plate armour
143476 | Pan      | Identified the +13 plate armour of the Vaults {rN+} (You found it in Pandemonium)
143538 | Pan      | Identified the Guide on Weightlessness
143545 | Pan      | Learned a level 4 spell: Airstrike
143552 | Pan      | Got a translucent jade ring
143553 | Pan      | Identified the ring "Huetun" {Fire -Tele rN++ Str+5} (You found it in Pandemonium)
143622 | Pan      | Got a fiery rune of Zot
143743 | Pan      | Noticed Lom Lobon
143791 | Pan      | Found an exit through the horrors of the Abyss.
143934 | Pan      | Noticed Lom Lobon
143960 | Pan      | Noticed Gloorx Vloq
144089 | Pan      | Noticed Uhyatusk the pandemonium lord
144119 | Pan      | Killed Uhyatusk the pandemonium lord
144890 | Pan      | Found an exit through the horrors of the Abyss.
144899 | Pan      | Took an exit into the Abyss.
144899 | Abyss:1  | Escaped into the Abyss
145077 | Abyss:1  | Found a corrupted altar of Lugonu.
145161 | Abyss:1  | Found an ancient bone altar of Kikubaaqudgha.
145181 | Depths:3 | Escaped the Abyss
145326 | D:14     | Killed Louise
145408 | Orc:2    | Bought a scroll of recharging for 123 gold pieces
145410 | Orc:2    | Bought a scroll of magic mapping for 49 gold pieces
145410 | Orc:2    | Bought a scroll of identify for 28 gold pieces
145410 | Orc:2    | Bought a scroll of recharging for 133 gold pieces
145413 | Orc:2    | Bought a potion of might for 52 gold pieces
145413 | Orc:2    | Bought a potion of haste for 130 gold pieces
145413 | Orc:2    | Bought a potion of might for 52 gold pieces
145413 | Orc:2    | Bought 2 potions of flight for 78 gold pieces
145413 | Orc:2    | Bought a potion of might for 52 gold pieces
145413 | Orc:2    | Bought a potion of magic for 104 gold pieces
145415 | Orc:2    | Bought a potion of curing for 42 gold pieces
145444 | Orc:1    | Bought a manual of Axes for 1766 gold pieces
145444 | Orc:1    | Bought a scroll of acquirement for 832 gold pieces
145444 | Orc:1    | Bought a potion of agility for 64 gold pieces
145444 | Orc:1    | Bought a potion of agility for 64 gold pieces
145800 | Slime:2  | Killed Dissolution
145842 | Slime:4  | Reached skill level 10 in Axes
146080 | Slime:6  | Entered Level 6 of the Pits of Slime
146200 | Slime:6  | Noticed the Royal Jelly
146483 | Slime:6  | Found a viscous altar of Jiyva.
146595 | Slime:6  | Killed the Royal Jelly
146978 | Slime:6  | Identified Sif Muna's Tome of Torrid Attacks (You found it on level 6 of the Pits of Slime)
146985 | Slime:6  | Learned a level 4 spell: Force Lance
147017 | Slime:6  | Got a slimy rune of Zot
147075 | Slime:6  | Got a brightly glowing lead ring
147076 | Slime:6  | Identified the ring of Orthodoxy {SustAt Int+6} (You found it on level 6 of the Pits of Slime)
147093 | Slime:6  | Identified a -3 rod of clouds (10/10) (You found it on level 6 of the Pits of Slime)
148538 | Tomb:1   | Entered Level 1 of the Tomb of the Ancients
148728 | Tomb:1   | Noticed a greater mummy
148732 | Tomb:1   | Noticed a greater mummy
148734 | Tomb:1   | Killed a greater mummy
148739 | Tomb:1   | Noticed a greater mummy
148747 | Tomb:1   | Killed a greater mummy
148760 | Tomb:1   | Killed a greater mummy
149470 | Tomb:2   | Noticed a greater mummy
149470 | Tomb:2   | Noticed a greater mummy
149470 | Tomb:2   | Noticed a greater mummy
149471 | Tomb:2   | Noticed a greater mummy
149584 | Tomb:2   | Killed a greater mummy
149585 | Tomb:2   | Killed a greater mummy
149756 | Tomb:2   | Killed a greater mummy
149761 | Tomb:2   | Killed a greater mummy
150042 | Tomb:1   | Noticed a greater mummy
150047 | Tomb:1   | Noticed a greater mummy
150052 | Tomb:1   | Killed a greater mummy
150059 | Tomb:1   | Killed a greater mummy
150064 | Tomb:1   | Noticed a greater mummy
150253 | Tomb:1   | Killed a greater mummy
150280 | Tomb:1   | Noticed a greater mummy
150290 | Tomb:1   | Killed a greater mummy
150298 | Tomb:1   | Noticed a greater mummy
150312 | Tomb:1   | Noticed a greater mummy
150321 | Tomb:1   | Killed a greater mummy
150331 | Tomb:1   | Killed a greater mummy
150369 | Tomb:1   | Noticed a greater mummy
150386 | Tomb:1   | Killed a greater mummy
150546 | Tomb:1   | Noticed a greater mummy
150556 | Tomb:1   | Noticed a greater mummy
150560 | Tomb:1   | Killed a greater mummy
150560 | Tomb:1   | Reached skill level 15 in Axes
150561 | Tomb:1   | Noticed a greater mummy
150578 | Tomb:1   | Killed a greater mummy
150585 | Tomb:1   | Killed a greater mummy
150681 | Tomb:1   | Noticed a greater mummy
150692 | Tomb:1   | Killed a greater mummy
150711 | Tomb:1   | Noticed a greater mummy
150799 | Tomb:1   | Killed a greater mummy
151143 | Tomb:1   | Noticed a greater mummy
151144 | Tomb:1   | Noticed a greater mummy
151157 | Tomb:1   | Noticed a greater mummy
151157 | Tomb:1   | Killed a greater mummy
151170 | Tomb:1   | Killed a greater mummy
151175 | Tomb:1   | Noticed a greater mummy
151658 | Tomb:1   | Killed a greater mummy
151760 | Tomb:1   | Killed a greater mummy
151802 | Tomb:1   | Noticed a greater mummy
151843 | Tomb:1   | Killed a greater mummy
152459 | Tomb:3   | Entered Level 3 of the Tomb of the Ancients
152647 | Tomb:3   | Noticed a greater mummy
152888 | Tomb:3   | Noticed a greater mummy
152892 | Tomb:3   | Noticed a greater mummy
152894 | Tomb:3   | Noticed a greater mummy
152896 | Tomb:3   | Killed a greater mummy
152897 | Tomb:3   | Noticed a greater mummy
153113 | Tomb:2   | Killed a greater mummy
153118 | Tomb:2   | Killed a greater mummy
153320 | Tomb:3   | Noticed a greater mummy
153322 | Tomb:3   | Noticed a greater mummy
153327 | Tomb:2   | Killed a greater mummy
153336 | Tomb:2   | Killed a greater mummy
153560 | Tomb:3   | Noticed a greater mummy
153567 | Tomb:3   | Noticed Khufu
153576 | Tomb:2   | Killed a greater mummy
153860 | Tomb:2   | Killed a greater mummy
153864 | Tomb:2   | Killed a greater mummy
153973 | Tomb:3   | Killed Khufu
154112 | Tomb:3   | Identified the Almanac of the Voyage and Good Luck
154116 | Tomb:3   | Learned a level 1 spell: Apportation
154120 | Tomb:3   | Learned a level 3 spell: Portal Projectile
154158 | Tomb:3   | Got a coiled tin ring
154164 | Tomb:3   | Identified the ring "Plog" {+Fly Str+9 Dex+5} (You found it on level 3 of the Tomb of the Ancients)
154170 | Tomb:3   | Identified a +6 rod of shadows (9/9) (You found it on level 3 of the Tomb of the Ancients)
154174 | Tomb:3   | Got a jewelled rapier
154179 | Tomb:3   | Identified a +4 rod of ignition (10/10) (You found it on level 3 of the Tomb of the Ancients)
154182 | Tomb:3   | Got a scintillating diamond amulet
154249 | Tomb:3   | Got a golden rune of Zot
155367 | Pan      | Entered the realm of Mnoleg.
155367 | Pan      | Entered Pandemonium
155367 | Pan      | Noticed Mnoleg
155377 | Pan      | Got a shimmering tin amulet
155413 | Pan      | Killed Mnoleg
155458 | Pan      | Paralysed by a giant eyeball for 3 turns
155499 | Pan      | Noticed Lom Lobon
155559 | Pan      | Noticed Ignacio
155612 | Pan      | Killed Lom Lobon
155706 | Pan      | Killed Ignacio
155736 | Pan      | Got a glowing rune of Zot
155793 | Depths:2 | Escaped Pandemonium
156131 | Zot:5    | Got the Orb of Zot
156845 | D:4      | Noticed a seraph
157117 | D:$      | Escaped with the Orb!

Vault maps used:
D:1:      dpeg_arrival_circle_labyrinth_c, serial_bayou_pond_a
D:2:      minmay_door_path, minitemple, lemuel_zombie_altar_yredelemnul,
          grunt_ministairs_2, okawaru_ov_weapons_minmay, uniq_sigmund,
          uniq_jessica
D:3:      uniq_iyjb
D:4:      grunt_temple_overflow_bloody_war, overflow_temple_1_default,
          first_bread, minmay_mini_jars
D:5:      gammafunk_temple_overflow_claw, kennysheep_small_circle
D:6:      enter_ossuary_2, basic_altar
D:7:      minmay_temple_entry_enclosed_plants, serial_shops, nicolae_shop_stone,
          minivault_10, grunt_livestock
D:8:      basic_altar, uniq_erolcha
D:9:      basic_altar
D:10:     mumra_celtic_spiral_tile, orc_0_dummy, nemelex_altar_shiori,
          uniq_maurice, uniq_josephine, uniq_sonja
D:11:     erik_lair_island, lemuel_old_faithful
D:12:     roderic_chinese_pattern_swastika
D:13:     david_vaults_1
D:14:     basic_altar, uniq_louise
D:15:     grunt_enter_depths_magical_seal, special_room,
          hangedman_abyss_or_decor_jellyfish_corner, uniq_azrael
Temple:   circular_temple_6
Lair:1:   grunt_megastairs_4
Lair:2:   lab_entry_generic, grunt_megastairs_1
Lair:3:   cheibrodos_lair_caveside_slide, st_stairs_5, lemuel_oklob_altar,
          lemuel_fruit_fields
Lair:4:   minmay_snake_entry_six_corridors, uniq_urug, uniq_rupert
Lair:5:   basic_altar, special_room, hibernation_bobbens,
          infiniplex_staircase_pool_2
Lair:6:   shoals_dummy_entry, minmay_slime_entry_eyes
Lair:8:   minmay_lair_end_frog_pond, special_room, minivault_26
Shoals:3: lightli_airlock
Shoals:4: shoals_end_simple, shoal_ilsuiw, serial_shops,
          nicolae_shop_waterfront, shop, nicolae_shoals_kraken_intersection
Snake:1:  serial_shops, shop_fountains, shop
Snake:2:  lemuel_fruit_tree
Snake:3:  basic_altar, serial_shops, nicolae_shop_statue_plus, st_stairs_3
Snake:4:  snake_pit_salamanders_mu, basic_stair_grate_trap, serial_bayou_shore_a
Slime:2:  dissolution_awaits
Orc:1:    nicolae_orc_accident_2, basic_altar, serial_shops, nicolae_shop_stone,
          nicolae_shop_crystal, shop, shop, nicolae_shop_crystal,
          nicolae_alphabet_shops
Orc:2:    st_orc_mages, special_room, uniq_saint_roka
Elf:1:    eino_elf_arrival_shootout, serial_shops, shop, minivault_28
Elf:2:    serial_shops, shop, minmay_misc_feat_cross, uniq_agnes, uniq_jorgrun
Elf:3:    elf_hall, minivault_4, onia_ninara_cookie, uniq_mara
Vaults:1: nicolae_vaults_angled_halls, vaults_dpeg_hooks,
          ontoclasm_vaults_ring_small, v_rooms_2, v_rooms_3,
          nicolae_vaults_hallways_thing, st_smaller_cells, v_misc_14,
          ontoclasm_vaults_tryst, v_misc_25, v_misc_29, v_misc_11,
          nicolae_vaults_mini_display_case
Vaults:2: hangedman_vaults_hard_town_square, hangedman_vaults_cutoff,
          v_alt_pattern_5, v_misc_12, hangedman_vaults_slice, vaults_dpeg_doors,
          vaults_mumra_minichess_inversion, hangedman_vaults_trim,
          ontoclasm_vaults_gateway, nicolae_vaults_little_ls, vaults_room_pool
Vaults:3: dpeg_vaults_monster_box, nicolae_vaults_big_ls,
          vaults_room_large_hall, v_misc_19, nicolae_vaults_gold_heap,
          v_misc_16, minmay_crypt_entry_necro_gods
Vaults:4: ontoclasm_vaults_misaligned, nicolae_vaults_ring_of_whatevers,
          vaults_standard_mumra_x, nicolae_vaults_windows_and_doors_thing,
          vaults_room_semicircle, ontoclasm_vaults_decontamination
Vaults:5: serial_shops
Crypt:1:  special_room, grunt_crypt_arrival_webbed, uniq_sojobo
Crypt:2:  grunt_deathspiral_small, minmay_misc_feat_hallway
Crypt:3:  evilmike_haunted_forest
Tomb:3:   uniq_mennas
Depths:1: special_room, hell_entry, minmay_fountain_box,
          hangedman_decor_peaks_small, minmay_misc_feat_room,
          hangedman_decor_slide_cut, kennysheep_generic_room_3
Depths:2: hangedman_pleasuredromes, pan_entry, hell_entry
Depths:3: minmay_big_diamond_grid, minmay_room_of_horrors, hell_entry,
          special_room, rand_demon_pan_entry_3, basic_stair_grate_trap,
          infiniplex_staircase_pillars_1, uniq_margery
Depths:4: grunt_twisty_corner, nicolae_abyss_entry_one_way_or_another,
          hell_entry, kennysheep_random_hallway
Depths:5: evilmike_zot_entry_diamond, pf_hell_entry_tar_river, abyss_entry,
          serial_bayou_shore_b
Dis:7:    iron_city_of_dis
Geh:4:    lemuel_flamethrower_2
Geh:5:    hangedman_elemental_corridor
Geh:7:    geh_grunt_pentagon
Coc:7:    coc_old
Tar:4:    lemuel_elevator
Tar:5:    lemuel_nasty_pond
Tar:7:    tar_minmay_river
Zot:1:    kennysheep_room_grid, hangedman_zot_decor_tridents, zot_minivault_2
Zot:2:    grunt_twist_and_shout, hangedman_hellfire_club
Zot:3:    lemuel_firehouse
Zot:4:    grunt_megastairs_3
Abyss:4:  kilobyte_mutagenic_chamber, hangedman_abyss_shoalhut,
          evilmike_abyss_rune_seething_chaos
Pan:      lemuel_draining_boxes, lemuel_hall_of_pain, evilmike_mini_pan_doors_b,
          nicolae_pan_double_arrow, pan_blood_fountain_2, grunt_pan_pentagram,
          uniq_mennas_pan, evilmike_mini_pan_V, pan_blood_fountain_small,
          rand_demon_6, grunt_pan_sceptre, pan_blood_fountain_2,
          nicolae_pan_glass_arcs, nicolae_pan_sigil_obb,
          evilmike_mini_pan_corridor, pan_blood_fountain_2,
          pan_blood_fountain_small, evilmike_mini_pan_corridor, rand_demon_9,
          pan_blood_fountain_small, nicolae_pan_gloorx_vloqian_4, gloorx_vloq,
          grunt_pan_sceptre, pan_blood_fountain_2, lom_lobon,
          nicolae_pan_gloorx_vloqian_4, evilmike_cerebov_lava, uniq_lom_lobon,
          grunt_pan_zigzag, uniq_lom_lobon, uniq_gloorx_vloq, rand_demon_2,
          mnoleg_grunt_wretched_star, uniq_ignacio, uniq_lom_lobon,
          nicolae_pan_strange_glyphs
Lab:      labyrinth_watery, nicolae_lab_stuck
Ossuary:  ossuary_minmay_tomb_2a

Skill      XL: |  1  2  3  4  5  6  7  8  9 10 11 12 13 14 15 16 17 18 19 20 21 22 23 24 25 26 27 |
---------------+----------------------------------------------------------------------------------+-----
Short Blades   | 3 4 5 6 7 8 9 19 | 19.5
Stealth        | 3 4 |  4.3
Dodging        | 3 4 5 6 8 9 11 12 13 14 15 16 27 | 27.0
Fighting       | 5 7 8 10 11 12 14 25 | 25.0
Slings         | 1 3 4 5 6 7 12 | 12.0
Armour         | 1 2 3 4 11 12 13 14 15 24 | 24.9
Axes           | 3 5 17 | 17.8
Invocations    | 3 8 11 15 17 18 19 20 21 22 23 27 | 27.0
Maces & Flails | 8 11 12 14 15 | 15.8
Shields        | 5 8 9 11 | 11.5
Charms         | 4 5 6 7 |  7.6
Ice Magic      | 5 |  5.6
Spellcasting   | 4 6 7 8 21 | 21.0
Translocations | 2 19 | 19.0
Summonings     | 4 6 19 | 19.9
Air Magic      | 3 6 8 9 10 18 | 18.0

Action                   |  1- 3 |  4- 6 |  7- 9 | 10-12 | 13-15 | 16-18 | 19-21 | 22-24 | 25-27 || total
-------------------------+-------+-------+-------+-------+-------+-------+-------+-------+-------++-------
Melee: Short sword       |    99 |   242 |   310 |   117 |       |       |       |       |       ||   768
       Dagger            |       |       |    56 |       |    42 |       |       |       |       ||    98
       Hand axe          |       |       |       |   665 |  1699 |   670 |       |       |       ||  3034
       Morningstar       |       |       |       |       |       |  1110 |  1718 |  1674 |  3941 ||  8443
       Pair of quick bla |       |       |       |       |       |       |       |   116 |       ||   116
       Staff             |       |       |       |       |       |       |       |     7 |       ||     7
       Eveningstar       |       |       |       |       |       |       |       |       |  9417 ||  9417
       Quick blade       |       |       |       |       |       |       |       |       |    30 ||    30
 Fire: Hunting sling     |     4 |     5 |   251 |   120 |    84 |       |       |       |   400 ||   864
       Blowgun           |       |       |       |       |     3 |       |       |       |    16 ||    19
       Greatsling        |       |       |       |       |       |       |       |       |    41 ||    41
 Cast: Shroud of Golubri |       |       |       |       |       |       |       |     1 |     5 ||     6
       Repel Missiles    |       |       |       |       |       |       |       |       |     6 ||     6
       Summon Lightning  |       |       |       |       |       |       |       |       |    36 ||    36
       Summon Forest     |       |       |       |       |       |       |       |       |    13 ||    13
       Gell's Gravitas   |       |       |       |       |       |       |       |       |     3 ||     3
       Passage of Golubr |       |       |       |       |       |       |       |       |     2 ||     2
       Swiftness         |       |       |       |       |       |       |       |       |     1 ||     1
Invok: Vitalisation      |       |       |       |     4 |    23 |    35 |    24 |    14 |   247 ||   347
       Recite            |       |       |       |       |     4 |    33 |    21 |    25 |   242 ||   325
       Imprison          |       |       |       |       |       |       |     2 |       |    15 ||    17
       Sanctuary         |       |       |       |       |       |       |       |     1 |     2 ||     3
       Donate Gold       |       |       |       |       |       |       |       |     1 |       ||     1
 Abil: Evoke Berserk Rag |       |       |       |       |     2 |       |       |       |       ||     2
       Blink             |       |       |       |       |     1 |     2 |     1 |       |     8 ||    12
Evoke: Wand              |       |       |       |     3 |    31 |     9 |     6 |    15 |    74 ||   138
       Lamp of fire      |       |       |       |     1 |     2 |       |     1 |       |       ||     4
       Deck              |       |       |       |       |       |       |     8 |    13 |    16 ||    37
       Fan of gales      |       |       |       |       |       |       |       |       |     8 ||     8
  Use: Potion            |     5 |     3 |     2 |    18 |    12 |     7 |    15 |     9 |    61 ||   132
       Scroll            |     4 |     7 |     5 |     8 |    17 |    15 |     7 |    15 |    88 ||   166
 Stab: Sleeping          |    10 |       |       |       |       |       |       |     1 |       ||    11
       Invisible         |     2 |       |       |     3 |     5 |     4 |       |       |    11 ||    25
       Confused          |       |       |       |     6 |     3 |    56 |    37 |    23 |   106 ||   231
       Paralysed         |       |       |       |       |    20 |    40 |     4 |     9 |    34 ||   107
       Distracted        |       |       |       |       |     1 |       |       |     1 |    14 ||    16
       Petrified         |       |       |       |       |       |       |       |       |     1 ||     1
  Eat: Chunk             |    10 |     8 |    41 |    49 |    37 |    39 |    16 |    11 |    41 ||   252
       Beef jerky        |       |       |     2 |     4 |       |       |       |       |    10 ||    16
       Pizza             |       |       |     3 |     7 |       |     1 |     3 |       |     9 ||    23
       Meat ration       |       |       |     1 |     6 |       |       |       |       |    23 ||    30
       Royal jelly       |       |       |       |     1 |       |       |       |    10 |     2 ||    13
